Workbook
Name ___mb1: #REF!
Name ___mb1: #REF!
Name ___mb2: #REF!
Name ___mb2: #REF!
Name ___mb3: #REF!
Name ___mb3: #REF!
Name ___mb4: #REF!
Name ___mb4: #REF!
Name ___mb5: #REF!
Name ___mb5: #REF!
Name ___mb6: #REF!
Name ___mb6: #REF!
Name ___mb7: #REF!
Name ___mb7: #REF!
Name ___mb8: #REF!
Name ___mb8: #REF!
Name ___mb9: #REF!
Name ___mb9: #REF!
Name __mb1: #REF!
Name __mb1: #REF!
Name __mb2: #REF!
Name __mb2: #REF!
Name __mb3: #REF!
Name __mb3: #REF!
Name __mb4: #REF!
Name __mb4: #REF!
Name __mb5: #REF!
Name __mb5: #REF!
Name __mb6: #REF!
Name __mb6: #REF!
Name __mb7: #REF!
Name __mb7: #REF!
Name __mb8: #REF!
Name __mb8: #REF!
Name __mb9: #REF!
Name __mb9: #REF!
Name _mb1: #REF!
Name _mb1: #REF!
Name _mb2: #REF!
Name _mb2: #REF!
Name _mb3: #REF!
Name _mb3: #REF!
Name _mb4: #REF!
Name _mb4: #REF!
Name _mb5: #REF!
Name _mb5: #REF!
Name _mb6: #REF!
Name _mb6: #REF!
Name _mb7: #REF!
Name _mb7: #REF!
Name _mb8: #REF!
Name _mb8: #REF!
Name _mb9: #REF!
Name _mb9: #REF!
Name A1_assol: #REF!
Name A1_assol: #REF!
Name A1_cheptel: #REF!
Name A1_cheptel: #REF!
Name A1_DPU: #REF!
Name A1_DPU: #REF!

Sheet Impression répart globale W
A1: Le travail par jour et par personne en heures (semaine type)
C3: Chefs | D3: Salariés | E3: Bénévoles | H3: lundi | I3: mardi | J3: mercredi | K3: jeudi | L3: vendredi | M3: samedi | N3: dimanche | O3: Total
B4: =A42 -> Elevage | C4: =G42+G68+G94+G119+G144+G170+G195 -> 0 | D4: =I42+J42+K42+L42+M42+N42+O42+P42+Q42+R42+S42+T42+U42+W42+V42+Y42++X42+I68+J68+K68+L68+M68+N68+O68+Q68+P68+R68+S68+T68+U68+V68+W68+X68+Y68+I94+J94+K94+L94+M94+N94+O94+P94+Q94+R94+S94+T94+U94+V94+W94+X94+Y94+I119+J119+K119+L119+M119+N119+O119+P119+Q119+R119+S119+T119+U119+V119+W119+X119+Y119+I144+J144+K144+L144+M144+N144+O144+P144+Q144+R144+S144+T144+U144+V144+W144+X144+Y144+J170+I170+K170+L170+M170+N170+O170+P170+Q170+R170+S170+T170+U170+V170+W170+X170+Y170+I195+J195+K195+L195+M195+N195+O195+P195+Q195+R195+S195+T195+U195+V195+W195+X195+Y195 -> 0 | E4: =AA42+AA68+AA94+AA119+AA144+AA170+AA195 -> 0 | G4: =G41 -> 0 | H4: =G50 -> 0 | I4: =G77 -> 0 | J4: =G103 -> 0 | K4: =G128 -> 0 | L4: =G153 -> 0 | M4: =G179 -> 0 | N4: =G204 -> 0 | O4: =SUM(H4:N4) -> 0
B5: =A43 -> Transport abattoir et atelier découpe | C5: =G43+G69+G95+G120+G145+G171+G196 -> 0 | D5: =I43+J43+K43+L43+M43+N43+O43+P43+Q43+R43+I69+J69+K69+L69+M69+N69+O69+P69+Q69+R69+I95+J95+K95+L95+M95+N95+O95+P95+Q95+R95+I120+J120+K120+L120+M120+N120+O120+P120+Q120+R120+I145+J145+K145+L145+M145+N145+O145+P145+Q145+R145+I171+J171+K171+L171+M171+N171+O171+P171+Q171+R171+I196+J196+K196+L196+M196+N196+O196+P196+Q196+R196+S43+T43+U43+V43+W43+X43+Y43+S69+T69+U69+V69+W69+X69+Y69+S95+T95+U95+V95+W95+X95+Y95+S120+T120+U120+V120+W120+X120+Y120+S145+T145+U145+V145+W145+X145+Y145+S171+T171+U171+V171+W171+X171+Y171+S196+T196+U196+V196+W196+X196+Y196 -> 0 | E5: =AA43+AA69+AA95+AA120+AA145+AA171+AA196 -> 0 | G5: =I41 -> Hervé-Marie | H5: =#REF! -> #REF! | I5: =#REF! -> #REF! | J5: =#REF! -> #REF! | K5: =#REF! -> #REF! | L5: =#REF! -> #REF! | M5: =#REF! -> #REF! | N5: =#REF! -> #REF! | O5: =SUM(H5:N5) -> #REF!
B6: =A44 -> Découpe transformation, dont : | C6: =G44+G70+G96+G121+G146+G172+G197 -> 0 | D6: =I44+J44+K44+L44+M44+N44+O44+P44+Q44+R44+I70+J70+K70+L70+N70+M70+O70+P70+Q70+R70+I96+J96+K96+L96+M96+N96+O96+P96+Q96+R96+I121+J121+K121+L121+M121+N121+O121+P121+Q121+R121+I146+J146+K146+L146+M146+N146+O146+P146+Q146+R146+I172+J172+K172+L172+M172+N172+O172+P172+Q172+R172+I197+J197+K197+L197+M197+N197+O197+P197+Q197+R197+S44+T44+U44+V44+W44+X44+Y44+S70+T70+U70+V70+W70+X70+Y70+S96+T96+U96+V96+W96+X96+Y96+S121+T121+U121+V121+W121+X121+Y121+S146+T146+U146+V146+W146+X146+Y146+S172+T172+U172+V172+W172+X172+Y172+S197+T197+U197+V197+W197+X197+Y197 -> 0 | E6: =AA44+AA70+AA96+AA121+AA146+AA172+AA197 -> 0 | G6: =J41 -> Pierre V. | H6: =#REF! -> #REF! | I6: =#REF! -> #REF! | J6: =#REF! -> #REF! | K6: =#REF! -> #REF! | L6: =#REF! -> #REF! | M6: =#REF! -> #REF! | N6: =#REF! -> #REF! | O6: =SUM(H6:N6) -> #REF!
B7: =A50 -> Commercialisation des produits finis, dont : | C7: =#REF!+G76+G102+G127+G152+G178+G203 -> #REF! | D7: =#REF!+#REF!+#REF!+#REF!+#REF!+#REF!+#REF!+#REF!+#REF!+#REF!+I76+J76+K76+L76+M76+N76+O76+P76+Q76+R76+I102+J102+K102+L102+M102+N102+O102+P102+Q102+R102+I127+J127+K127+L127+M127+N127+O127+P127+Q127+R127+I152+J152+K152+L152+M152+N152+O152+P152+Q152+R152+I178+J178+K178+L178+M178+N178+P178++Q178+R178+O178+I203+J203+K203+L203+M203+N203+O203+P203+Q203+R203+#REF!+#REF!+#REF!+#REF!+#REF!+#REF!+#REF!+S76+T76+U76+V76+W76+X76+Y76+S102+T102+U102+V102+W102+X102+Y102+S127+T127+U127+V127+W127+X127+Y127+S152+T152+U152+V152+W152+X152+Y152+S178+T178+U178+V178+W178+X178+Y178+S203+T203+U203+V203+W203+X203+Y203 -> #REF! | E7: =#REF!+AA76+AA102+AA127+AA152+AA178+AA203 -> #REF! | G7: =K41 -> Pierre-Mick | H7: =#REF! -> #REF! | I7: =#REF! -> #REF! | J7: =#REF! -> #REF! | K7: =#REF! -> #REF! | L7: =#REF! -> #REF! | M7: =#REF! -> #REF! | N7: =#REF! -> #REF! | O7: =SUM(H7:N7) -> #REF!
B8: =A89 -> Gestion administrative (compta et gestion du personnel) | C8: =G50+G77+G103+G128+G153+G179+G204 -> 0 | D8: =I50+J50+K50+L50+M50+N50+O50+P50+Q50+R50+I77+J77+K77+L77+M77+N77+O77+P77+Q77+R77+I103+J103+K103+L103+M103+N103+O103+P103+Q103+R103+I128+J128+K128+L128+M128+N128+O128+P128+Q128+R128+I153+J153+K153+L153+M153+N153+O153+P153+Q153+R153+I179+J179+K179+L179+M179+N179+O179+P179+Q179+R179+I204+J204+K204+L204+M204+N204+O204+P204+Q204+R204+S50+T50+U50+V50+W50+X50+Y50+S77+T77+U77+V77+W77+X77+Y77+S103+T103+U103+V103+W103+X103+Y103+S128+T128+U128+V128+W128+X128+Y128+S153+T153+U153+V153+W153+X153+Y153+S179+T179+U179+V179+W179+X179+Y179+S204+T204+U204+V204+W204+X204+Y204 -> 0 | E8: =AA50+AA77+AA103+AA128+AA153+AA179+AA204 -> 0 | G8: =L41 -> Fabrice | H8: =#REF! -> #REF! | I8: =#REF! -> #REF! | J8: =#REF! -> #REF! | K8: =#REF! -> #REF! | L8: =#REF! -> #REF! | M8: =#REF! -> #REF! | N8: =#REF! -> #REF! | O8: =SUM(H8:N8) -> #REF!
B9: Gestion | C9: =G63+#REF!+#REF!+G140+G165+G191+G216 -> #REF! | D9: =I63+J63+K63+L63+M63+N63+O63+P63+Q63+R63+#REF!+#REF!+#REF!+#REF!+#REF!+#REF!+#REF!+#REF!+#REF!+#REF!+#REF!+#REF!+#REF!+#REF!+#REF!+#REF!+#REF!+#REF!+#REF!+#REF!+I140+J140+K140+L140+M140+N140+O140+P140+Q140+R140+I165+J165+K165+L165+M165+N165+P165++Q165+O165+R165+I191+J191+K191+L191+M191+N191+O191+P191+Q191+R191+I216+J216+K216+L216+M216+N216+O216+P216+Q216+R216+S63+T63+V63+U63+W63+X63+Y63+#REF!+#REF!+#REF!+#REF!+#REF!+#REF!+#REF!+#REF!+#REF!+#REF!+#REF!+#REF!+#REF!+#REF!+S140+T140+U140+V140+W140+X140+Y140 -> #REF! | E9: =AA63+#REF!+#REF!+AA140+AA165+AA191+AA216 -> #REF! | G9: =N41 -> Christelle | H9: =#REF! -> #REF! | I9: =#REF! -> #REF! | J9: =#REF! -> #REF! | K9: =#REF! -> #REF! | L9: =#REF! -> #REF! | M9: =#REF! -> #REF! | N9: =#REF! -> #REF! | O9: =SUM(H9:N9) -> #REF!
B10: Total par semaine | C10: =SUM(C4:C9) -> #REF! | D10: =SUM(D4:D9) -> #REF! | E10: =SUM(E4:E9) -> #REF! | G10: =P41 -> Paul B. | H10: =I50 -> 0 | I10: =I77 -> 0 | J10: =I103 -> 0 | K10: =I128 -> 0 | L10: =I153 -> 0 | M10: =I179 -> 0 | N10: =I204 -> 0 | O10: =SUM(H10:N10) -> 0
B11: Total par an | C11: #REF! | G11: =Q41 -> Paul F. | H11: =J50 -> 0 | I11: =J77 -> 0 | J11: =J103 -> 0 | K11: =J128 -> 0 | L11: =J153 -> 0 | M11: =J179 -> 0 | N11: =J204 -> 0 | O11: =SUM(H11:N11) -> 0
G12: =R41 -> Alan Louis | H12: =K50 -> 0 | I12: =K77 -> 0 | J12: =K103 -> 0 | K12: =K128 -> 0 | L12: =K153 -> 0 | M12: =K179 -> 0 | N12: =K204 -> 0 | O12: =SUM(H12:N12) -> 0
G13: =S41 -> Adrien | H13: =AA50 -> 0 | I13: =AB50 -> 0 | J13: =AC50 -> 0 | K13: =AD50 -> 0 | L13: =AE50 -> 0 | M13: =AF50 -> 0 | N13: =AG50 -> 0 | O13: =SUM(H13:N13) -> 0
G14: =U41 -> Valentin | H14: =AA51 -> 0 | I14: =AB51 -> 0 | J14: =AC51 -> 0 | K14: =AD51 -> 0 | L14: =AE51 -> 0 | M14: =AF51 -> 0 | N14: =AG51 -> 0
G15: =V41 -> Mathilde | H15: =AA52 -> 0 | I15: =AB52 -> 0 | J15: =AC52 -> 0 | K15: =AD52 -> 0 | L15: =AE52 -> 0 | M15: =AF52 -> 0 | N15: =AG52 -> 0
G16: =W41 -> Paul R. | H16: =AA53 -> 0 | I16: =AB53 -> 0 | J16: =AC53 -> 0 | K16: =AD53 -> 0 | L16: =AE53 -> 0 | M16: =AF53 -> 0 | N16: =AG53 -> 0
G17: =X41 -> Jean-Marc | H17: =AA54 -> 0 | I17: =AB54 -> 0 | J17: =AC54 -> 0 | K17: =AD54 -> 0 | L17: =AE54 -> 0 | M17: =AF54 -> 0 | N17: =AG54 -> 0
G18: =Y41 -> Claude | H18: =AA55 -> 0 | I18: =AB55 -> 0 | J18: =AC55 -> 0 | K18: =AD55 -> 0 | L18: =AE55 -> 0 | M18: =AF55 -> 0 | N18: =AG55 -> 0
G19: Total | H19: =SUM(H4:H13) -> #REF! | I19: =SUM(I4:I13) -> #REF! | J19: =SUM(J4:J13) -> #REF! | K19: =SUM(K4:K13) -> #REF! | L19: =SUM(L4:L13) -> #REF! | M19: =SUM(M4:M13) -> #REF! | N19: =SUM(N4:N13) -> #REF! | O19: =SUM(H19:N19) -> #REF!
E21: Découpe transformation | I21: Découpe transformation y compris nettoyage, repartition des morceaux, colisage, gestion des analyses et partie sanitaire
A23: modèle : CA63 | E23: Commercialisation des produits finis | I23: prise des commandes et préparation des commandes (adminsitratif et préparation physique), orgnisation des livraisons et des marchés, temps de déplacement pour livraison et temps passé sur le marché, gestion de la caisse, édition des bonsde livraisons et facutres, temps de chargement et déchargement du camion et nettoyage, communication, démarchage des clients et prospects), analyses
A26: salarié 1 | B26: Hervé-Marie | D26: volume horaire/sem | G26: salarié 7 | H26: Mathilde | J26: volume horaire/sem | M26: salarié 12 | P26: volume horaire/sem
A27: salarié 2 | B27: Pierre V. | D27: volume horaire/sem | G27: salarié 8 | H27: Paul B. | J27: volume horaire/sem | M27: salarié 13 | N27: Valentin | P27: volume horaire/sem
A28: salarié 3 | B28: Pierre-Mick | D28: volume horaire/sem | G28: salarié 9 | H28: Paul F. | J28: volume horaire/sem | M28: salarié 14 | N28: Mathilde | P28: volume horaire/sem
A29: salarié 4 | B29: Fabrice | D29: volume horaire/sem | G29: salarié 10 | H29: Alan Louis | J29: volume horaire/sem | M29: salarié 17 | N29: Paul R. | P29: volume horaire/sem
A30: salarié 5 | D30: volume horaire/sem | G30: salarié 11 | H30: Adrien | J30: volume horaire/sem | M30: salarié 18 | N30: Jean-Marc | P30: volume horaire/sem
A31: salarié 6 | B31: Christelle | D31: volume horaire/sem | M31: salarié 19 | N31: Claude | P31: volume horaire/sem
B33: nbre de semaine de fermeture du labo
B34: nbre de semaine avec transformation | X34: EARL Chozel | Y34: Chassard et Brice | Z34: Ferme de Braquemont
B35: saisonnalité des ventes
A39: Statut main-d'œuvre | B39: Chefs d'exploitation | C39: Chefs d'exploitation | D39: Chefs d'exploitation | E39: Chefs d'exploitation | F39: Chefs d'exploitation | G39: Chefs d'exploitation | I39: Salariés | AA39: Bénévole | AC39: Sous traitance/prestation
A41: LUNDI | B41: Frank | I41: =B26 -> Hervé-Marie | J41: =B27 -> Pierre V. | K41: =B28 -> Pierre-Mick | L41: =B29 -> Fabrice | N41: =B31 -> Christelle | P41: =H27 -> Paul B. | Q41: =H28 -> Paul F. | R41: =H29 -> Alan Louis | S41: =H30 -> Adrien | U41: =N27 -> Valentin | V41: =N28 -> Mathilde | W41: =N29 -> Paul R. | X41: =N30 -> Jean-Marc | Y41: =N31 -> Claude | AI41: Total /activité par jour hors sous traitance
A42: Elevage | AI42: =SUM(G42:AG42) -> 0
A43: Transport abattoir et atelier découpe | AI43: =SUM(G43:AG43) -> 0
A44: Découpe transformation, dont : | B44: =SUM(B45:B49) -> 0 | C44: =SUM(C45:C49) -> 0 | D44: =SUM(D45:D49) -> 0 | E44: =SUM(E45:E49) -> 0 | F44: =SUM(F45:F49) -> 0 | G44: =SUM(G45:G49) -> 0 | I44: =SUM(I45:I49) -> 0 | J44: =SUM(J45:J49) -> 0 | K44: =SUM(K45:K49) -> 0 | L44: =SUM(L45:L49) -> 0 | M44: =SUM(M45:M49) -> 0 | N44: =SUM(N45:N49) -> 0 | O44: =SUM(O45:O49) -> 0 | P44: =SUM(P45:P49) -> 0 | ... Y44: =SUM(Y45:Y49) -> 0 | AI44: =SUM(G44:AG44) -> 0
A45: Nettoyage | AI45: =SUM(G45:AG45) -> 0
A46: Répartition des morceaux | AI46: =SUM(G46:AG46) -> 0
A47: Colisage | AI47: =SUM(G47:AG47) -> 0
A48: Gestion des analyses | AI48: =SUM(G48:AG48) -> 0
A49: Partie sanitaire | AI49: =SUM(G49:AG49) -> 0
A50: Commercialisation des produits finis, dont : | B50: =SUM(B51:B61) -> 0 | C50: =SUM(C51:C61) -> 0 | D50: =SUM(D51:D61) -> 0 | E50: =SUM(E51:E61) -> 0 | F50: =SUM(F51:F61) -> 0 | G50: =SUM(G51:G61) -> 0 | I50: =SUM(I51:I61) -> 0 | J50: =SUM(J51:J61) -> 0 | K50: =SUM(K51:K61) -> 0 | L50: =SUM(L51:L61) -> 0 | M50: =SUM(M51:M61) -> 0 | N50: =SUM(N51:N61) -> 0 | O50: =SUM(O51:O61) -> 0 | P50: =SUM(P51:P61) -> 0 | ... Y50: =SUM(Y51:Y61) -> 0 | AI50: =SUM(G50:AG50) -> 0
A51: Prise des commandes | AI51: =SUM(G51:AG51) -> 0
A52: Préparation des commandes | AI52: =SUM(G52:AG52) -> 0
A53: Organisation des livraisons | AI53: =SUM(G53:AG53) -> 0
A54: Organisation des marchés | AI54: =SUM(G54:AG54) -> 0
A55: Temps passé à livrer | AI55: =SUM(G55:AG55) -> 0
A56: Temps passé sur les marchés | AI56: =SUM(G56:AG56) -> 0
A57: Gestion de la caisse | AI57: =SUM(G57:AG57) -> 0
A58: Edition de bons de livraisons et factures | AI58: =SUM(G58:AG58) -> 0
A59: Temps de chargement, déchargement du camion + nettoyage | AI59: =SUM(G59:AG59) -> 0
A60: Démarchage des clients, prospects | AI60: =SUM(G60:AG60) -> 0
A61: gestion des stocks | AI61: =SUM(G61:AG61) -> 0
A63: Gestion administrative (compta et gestion du personnel) | AI63: =SUM(G63:AG63) -> 0
A64: TOTAL LUNDI | B64: =SUM(B42:B63) -> 0 | C64: =SUM(C42:C63) -> 0 | D64: =SUM(D42:D63) -> 0 | E64: =SUM(E42:E63) -> 0 | F64: =SUM(F42:F63) -> 0 | G64: =SUM(G42:G63) -> 0 | I64: =SUM(I42:I63) -> 0 | J64: =SUM(J42:J63) -> 0 | K64: =SUM(K42:K63) -> 0 | L64: =SUM(L42:L63) -> 0 | M64: =SUM(M42:M63) -> 0 | N64: =SUM(N42:N63) -> 0 | O64: =SUM(O42:O63) -> 0 | P64: =SUM(P42:P63) -> 0 | ... Y64: =SUM(Y42:Y63) -> 0 | AA64: =SUM(AA42:AA63) -> 0 | AC64: =SUM(AC42:AC63) -> 0 | AD64: =SUM(AD42:AD63) -> 0 | AE64: =SUM(AE42:AE63) -> 0 | AF64: =SUM(AF42:AF63) -> 0 | AG64: =SUM(AG42:AG63) -> 0 | AI64: =SUM(G64:AG64) -> 0
A67: MARDI | B67: =B41 -> Frank | C67: =C41 -> 0 | D67: =D41 -> 0 | E67: =E41 -> 0 | F67: =F41 -> 0 | G67: =G41 -> 0 | I67: =I41 -> Hervé-Marie | J67: =J41 -> Pierre V. | K67: =K41 -> Pierre-Mick | L67: =L41 -> Fabrice | M67: =M41 -> 0 | N67: =N41 -> Christelle | O67: =O41 -> 0 | P67: =P41 -> Paul B. | ... Y67: =Y41 -> Claude | AA67: =AA41 -> 0 | AC67: =AC41 -> 0 | AD67: =AD41 -> 0 | AE67: =AE41 -> 0 | AF67: =AF41 -> 0 | AG67: =AG41 -> 0 | AI67: =AI41 -> Total /activité par jour hors sous traitance
A68: =A42 -> Elevage | AI68: =SUM(G68:AG68) -> 0
A69: =A43 -> Transport abattoir et atelier découpe | AI69: =SUM(G69:AG69) -> 0
A70: =A44 -> Découpe transformation, dont : | B70: =SUM(B71:B75) -> 0 | C70: =SUM(C71:C75) -> 0 | D70: =SUM(D71:D75) -> 0 | E70: =SUM(E71:E75) -> 0 | F70: =SUM(F71:F75) -> 0 | G70: =SUM(G71:G75) -> 0 | I70: =SUM(I71:I75) -> 0 | J70: =SUM(J71:J75) -> 0 | K70: =SUM(K71:K75) -> 0 | L70: =SUM(L71:L75) -> 0 | M70: =SUM(M71:M75) -> 0 | N70: =SUM(N71:N75) -> 0 | O70: =SUM(O71:O75) -> 0 | P70: =SUM(P71:P75) -> 0 | ... Y70: =SUM(Y71:Y75) -> 0 | AI70: =SUM(G70:AG70) -> 0
A71: =A45 -> Nettoyage | AI71: =SUM(G71:AG71) -> 0
A72: =A46 -> Répartition des morceaux | AI72: =SUM(G72:AG72) -> 0
A73: =A47 -> Colisage | AI73: =SUM(G73:AG73) -> 0
A74: =A48 -> Gestion des analyses | AI74: =SUM(G74:AG74) -> 0
A75: =A49 -> Partie sanitaire | AI75: =SUM(G75:AG75) -> 0
A76: =A50 -> Commercialisation des produits finis, dont : | B76: =SUM(B77:B88) -> 0 | C76: =SUM(C77:C88) -> 0 | D76: =SUM(D77:D88) -> 0 | E76: =SUM(E77:E88) -> 0 | F76: =SUM(F77:F88) -> 0 | G76: =SUM(G77:G88) -> 0 | I76: =SUM(I77:I88) -> 0 | J76: =SUM(J77:J88) -> 0 | K76: =SUM(K77:K88) -> 0 | L76: =SUM(L77:L88) -> 0 | M76: =SUM(M77:M88) -> 0 | N76: =SUM(N77:N88) -> 0 | O76: =SUM(O77:O88) -> 0 | P76: =SUM(P77:P88) -> 0 | ... Y76: =SUM(Y77:Y88) -> 0 | AA76: =SUM(AA77:AA88) -> 0 | AC76: =SUM(AC77:AC88) -> 0 | AD76: =SUM(AD77:AD88) -> 0 | AE76: =SUM(AE77:AE88) -> 0 | AF76: =SUM(AF77:AF88) -> 0 | AG76: =SUM(AG77:AG88) -> 0 | AI76: =SUM(G76:AG76) -> 0
A77: =A51 -> Prise des commandes | AI77: =SUM(G77:AG77) -> 0
A78: =A52 -> Préparation des commandes | AI78: =SUM(G78:AG78) -> 0
A79: =A53 -> Organisation des livraisons | AI79: =SUM(G79:AG79) -> 0
A80: =A54 -> Organisation des marchés | AI80: =SUM(G80:AG80) -> 0
A81: =A55 -> Temps passé à livrer | AI81: =SUM(G81:AG81) -> 0
A82: =A56 -> Temps passé sur les marchés | AI82: =SUM(G82:AG82) -> 0
A83: =A57 -> Gestion de la caisse | AI83: =SUM(G83:AG83) -> 0
A84: =A58 -> Edition de bons de livraisons et factures | AI84: =SUM(G84:AG84) -> 0
A85: =A59 -> Temps de chargement, déchargement du camion + nettoyage | AI85: =SUM(G85:AG85) -> 0
A86: =A60 -> Démarchage des clients, prospects | AI86: =SUM(G86:AG86) -> 0
A87: =A61 -> gestion des stocks | AI87: =SUM(G87:AG87) -> 0
AI88: =SUM(G88:AG88) -> 0
A89: =A63 -> Gestion administrative (compta et gestion du personnel)
A90: TOTAL MARDI | B90: =SUM(B68:B89) -> 0 | C90: =SUM(C68:C89) -> 0 | D90: =SUM(D68:D89) -> 0 | E90: =SUM(E68:E89) -> 0 | F90: =SUM(F68:F89) -> 0 | G90: =SUM(G68:G89) -> 0 | I90: =SUM(I68:I89) -> 0 | J90: =SUM(J68:J89) -> 0 | K90: =SUM(K68:K89) -> 0 | L90: =SUM(L68:L89) -> 0 | M90: =SUM(M68:M89) -> 0 | N90: =SUM(N68:N89) -> 0 | O90: =SUM(O68:O89) -> 0 | P90: =SUM(P68:P89) -> 0 | ... Y90: =SUM(Y68:Y89) -> 0 | AA90: =SUM(AA68:AA89) -> 0 | AC90: =SUM(AC68:AC89) -> 0 | AD90: =SUM(AD68:AD89) -> 0 | AE90: =SUM(AE68:AE89) -> 0 | AF90: =SUM(AF68:AF89) -> 0 | AG90: =SUM(AG68:AG89) -> 0 | AI90: =SUM(G90:AG90) -> 0
A93: MERCREDI | B93: =$G$41 -> 0 | C93: =$G$41 -> 0 | D93: =$G$41 -> 0 | E93: =$G$41 -> 0 | F93: =$G$41 -> 0 | G93: =$G$41 -> 0 | I93: =$I$41 -> Hervé-Marie | J93: =$J$41 -> Pierre V. | K93: =K67 -> Pierre-Mick | L93: =L67 -> Fabrice | M93: =M67 -> 0 | N93: =N67 -> Christelle | O93: =O67 -> 0 | P93: =P67 -> Paul B. | Q93: =Q67 -> Paul F. | R93: =R67 -> Alan Louis | ... Y93: =Y67 -> Claude | AA93: =$AA$41 -> 0 | AC93: =$AA$41 -> 0 | AD93: =$AA$41 -> 0 | AE93: =$AA$41 -> 0 | AF93: =$AA$41 -> 0 | AG93: =$AA$41 -> 0 | AI93: =AI41 -> Total /activité par jour hors sous traitance
A94: =A42 -> Elevage | AI94: =SUM(G94:AG94) -> 0
A95: =A43 -> Transport abattoir et atelier découpe | AI95: =SUM(G95:AG95) -> 0
A96: =A44 -> Découpe transformation, dont : | B96: =SUM(B97:B101) -> 0 | C96: =SUM(C97:C101) -> 0 | D96: =SUM(D97:D101) -> 0 | E96: =SUM(E97:E101) -> 0 | F96: =SUM(F97:F101) -> 0 | G96: =SUM(G97:G101) -> 0 | I96: =SUM(I97:I101) -> 0 | J96: =SUM(J97:J101) -> 0 | K96: =SUM(K97:K101) -> 0 | L96: =SUM(L97:L101) -> 0 | M96: =SUM(M97:M101) -> 0 | N96: =SUM(N97:N101) -> 0 | O96: =SUM(O97:O101) -> 0 | P96: =SUM(P97:P101) -> 0 | ... Y96: =SUM(Y97:Y101) -> 0 | AI96: =SUM(G96:AG96) -> 0
A97: =A45 -> Nettoyage | AI97: =SUM(G97:AG97) -> 0
A98: =A46 -> Répartition des morceaux | AI98: =SUM(G98:AG98) -> 0
A99: =A47 -> Colisage | AI99: =SUM(G99:AG99) -> 0
A100: =A48 -> Gestion des analyses | AI100: =SUM(G100:AG100) -> 0
A101: =A49 -> Partie sanitaire | AI101: =SUM(G101:AG101) -> 0
A102: =A50 -> Commercialisation des produits finis, dont : | B102: =SUM(B103:B115) -> 0 | C102: =SUM(C103:C115) -> 0 | D102: =SUM(D103:D115) -> 0 | E102: =SUM(E103:E115) -> 0 | F102: =SUM(F103:F115) -> 0 | G102: =SUM(G103:G115) -> 0 | I102: =SUM(I103:I115) -> 0 | J102: =SUM(J103:J115) -> 0 | K102: =SUM(K103:K115) -> 0 | L102: =SUM(L103:L115) -> 0 | M102: =SUM(M103:M115) -> 0 | N102: =SUM(N103:N115) -> 0 | O102: =SUM(O103:O115) -> 0 | P102: =SUM(P103:P115) -> 0 | ... Y102: =SUM(Y103:Y115) -> 0 | AA102: =SUM(AA103:AA115) -> 0 | AC102: =SUM(AC103:AC115) -> 0 | AD102: =SUM(AD103:AD115) -> 0 | AE102: =SUM(AE103:AE115) -> 0 | AF102: =SUM(AF103:AF115) -> 0 | AG102: =SUM(AG103:AG115) -> 0 | AI102: =SUM(G102:AG102) -> 0
A103: =A51 -> Prise des commandes | AI103: =SUM(G103:AG103) -> 0
A104: =A52 -> Préparation des commandes | AI104: =SUM(G104:AG104) -> 0
A105: =A53 -> Organisation des livraisons | AI105: =SUM(G105:AG105) -> 0
A106: =A54 -> Organisation des marchés | AI106: =SUM(G106:AG106) -> 0
A107: =A55 -> Temps passé à livrer | AI107: =SUM(G107:AG107) -> 0
A108: =A56 -> Temps passé sur les marchés | AI108: =SUM(G108:AG108) -> 0
A109: =A57 -> Gestion de la caisse | AI109: =SUM(G109:AG109) -> 0
A110: =A58 -> Edition de bons de livraisons et factures | AI110: =SUM(G110:AG110) -> 0
A111: =A59 -> Temps de chargement, déchargement du camion + nettoyage | AI111: =SUM(G111:AG111) -> 0
A112: =A60 -> Démarchage des clients, prospects | AI112: =SUM(G112:AG112) -> 0
A113: =A61 -> gestion des stocks | AI113: =SUM(G113:AG113) -> 0
A115: =A63 -> Gestion administrative (compta et gestion du personnel) | AI115: =SUM(G115:AG115) -> 0
A116: TOTAL MERCREDI | B116: =SUM(B94:B115) -> 0 | C116: =SUM(C94:C115) -> 0 | D116: =SUM(D94:D115) -> 0 | E116: =SUM(E94:E115) -> 0 | F116: =SUM(F94:F115) -> 0 | G116: =SUM(G94:G115) -> 0 | I116: =SUM(I94:I115) -> 0 | J116: =SUM(J94:J115) -> 0 | K116: =SUM(K94:K115) -> 0 | L116: =SUM(L94:L115) -> 0 | M116: =SUM(M94:M115) -> 0 | N116: =SUM(N94:N115) -> 0 | O116: =SUM(O94:O115) -> 0 | P116: =SUM(P94:P115) -> 0 | ... Y116: =SUM(Y94:Y115) -> 0 | AA116: =SUM(AA94:AA115) -> 0 | AC116: =SUM(AC94:AC115) -> 0 | AD116: =SUM(AD94:AD115) -> 0 | AE116: =SUM(AE94:AE115) -> 0 | AF116: =SUM(AF94:AF115) -> 0 | AG116: =SUM(AG94:AG115) -> 0 | AI116: =SUM(G116:AG116) -> 0
...

Sheet Notice d'utilisation
B1: Calculette pour déterminer les coûts kilométriques des véhicules utilisés
B2: dans les ateliers de production et de commercialisation de viande en circuit court
D4: Notice d'utilisation
B7: Seules les cellules en jaune sont à compléter, soit en menu déroulant, soit en saisie numérique
B8: Les deux onglets oranges sont à compléter
B9: L'onglet vert est une feuille récapitulative des résultats
A11: L’activité de commercialisation de viande en circuit court nécessite des transports à plusieurs étapes, qui sont sources de coûts et qu’il est important de bien estimer :
A12: - transport des animaux vifs pour les emmener à l’abattoir
A13: - transport des carcasses pour les acheminer vers l’atelier de découpe / transformation
A14: - transport éventuel de marchandises et fournitures
A15: - transport des produits vers les points de vente, livraison et autres déplacements liés à la commercialisation
A16: Ces différents transports peuvent être assurés par vos propres moyens avec des véhicules de l’exploitation ou en ayant recours à un prestataire.
A17: Ces coûts de transport sont repris dans l’outil d’analyse de rentabilité économique, mais vous devez disposer au préalable des coûts kilométriques des véhicules que vous utilisez pour ces différents transports s’ils ne sont pas réalisés par des prestataires, c'est l'objet de cette feuille de calcul.
A18: Munissez-vous de toutes les informations nécessaires sur les différents véhicules auxquels vous avez recours,

Sheet Transport animaux vifs
A1: CALCUL DU PRIX DE REVIENT KILOMETRIQUE DES TRANSPORTS EN VENTE DIRECTE
A3: VEHICULE TRANSPORT DES ANIMAUX VIFS
E5: nom du véhicule
A6: Prix de revient au km de la voiture 1:
B8: Prix HT véhicule (déduire reprise ou revente)
B10: Durée de vie prévisionnelle du véhicule (an) | G10: Frais kilométrique d'amortissement du véhicule: | H10: =IF(E8=0," ",E8/(E10*E12))
B12: Nombre total de km par an (tous usages confondus)
B14: Consommation moyenne / 100 km
G15: Frais kilométrique de carburant du véhicule: | H15: =IF(E14=0," ",E14*E16/100) | J15: Total | K15: =H10+H15+H20 -> #VALUE!
B16: Prix moyen du carburant HT
B18: Frais annuels d'entretien et pneus
M19: Total Voiture 1 + remorque ou van | N19: =K15+K28 -> #VALUE!
B20: Frais annuels d'assurances | G20: Autres frais kilométrique du véhicule: | H20: =IF(E12=0," ",(E18+E20+E22)/E12)
B22: Frais divers annuels
A24: Prix de revient au km de la remorque bétaillère ou van
B26: Prix HT bétaillère (déduire reprise ou revente)
B28: Durée de vie prévisionnelle du véhicule (an) | G28: Frais kilométrique de la bétaillère (incluant 20% de frais divers): | J28: Total | K28: =1.2*E26/(E28*E30) -> #DIV/0!
B30: Nombre total de km par an
B31: (tous usages condus)
E33: nom du véhicule
A34: Prix de revient au km de la voiture 2:
B36: Prix HT véhicule (déduire reprise ou revente)
M37: Total Voiture 2 + remorque ou van | N37: =K28+K43 -> #DIV/0!
B38: Durée de vie prévisionnelle du véhicule (an) | G38: Frais kilométrique d'amortissement du véhicule: | H38: =IF(E36=0," ",E36/(E38*E40))
B40: Nombre total de km par an (tous usages confondus)
B42: Consommation moyenne / 100 km
G43: Frais kilométrique de carburant du véhicule: | H43: =IF(E42=0," ",E42*E44/100) | J43: Total | K43: =H38+H43+H48 -> #VALUE!
B44: Prix moyen du carburant HT
B46: Frais annuels d'entretien et pneus
B48: Frais annuels d'assurances | G48: Autres frais kilométrique du véhicule: | H48: =IF(E40=0," ",(E46+E48+E50)/E40)
B50: Frais divers annuels
A53: Prix de revient au km du camion bétaillère :
B55: Prix HT véhicule (déduire reprise ou revente)
B57: Durée de vie prévisionnelle du véhicule (an) | G57: Frais kilométrique d'amortissement du véhicule: | H57: =IF(E59=0," ",E55/(E57*E59))
B59: Nombre total de km par an
B61: Consommation moyenne / 100 km
G62: Frais kilométrique de carburant du véhicule: | H62: =IF(E61=0," ",E61*E63/100) | J62: Total | K62: =H57+H62+H67 -> #VALUE!
B63: Prix moyen du carburant HT
B65: Frais annuels d'entretien et pneus
B67: Frais annuels d'assurances | G67: Autres frais kilométrique du véhicule: | H67: =IF(E59=0," ",(E65+E67+E69)/E59)
B69: Frais divers annuels
A71: Prix de revient au km du tracteur + bétaillère:
B73: Puissance du tracteur | O73: Cout total hors MO avec carburant en €/heure de travail
M74: Barème d'entraide (Grand Est) à titre indicatif | O74: 2022-2023 | P74: 2023-2024 | Q74: 2024-2025
B75: Coût horaire du tracteur (€/h) | E75: =IF((E73=M75),Q75,IF((E73=M76),Q76,IF((E73=M77),Q77,""))) | G75: Coût kilométrique du tracteur: | H75: =E75/E78 -> #VALUE! | M75: tracteur de 90 ch avec boîte méca - 700 h/an | O75: 15.6 | P75: 19 | Q75: 19
B76: (barème d'entraide hors main d'œuvre) | M76: tracteur de 110 ch - 700 h/an | O76: 22.3 | P76: 26.9 | Q76: 26.9
M77: tracteur de 150 ch - 700 h/an | O77: 32.4 | P77: 39.4 | Q77: 39.4
B78: Vitesse de transport moyenne (km/h) | M78: bétaillère 5-6 bêtes (4 m) - 200 h/an | O78: 3 | P78: 3.5 | Q78: 3.5
J79: Total | K79: =H75+H83 -> #VALUE! | M79: bétaillère 7 -8 bêtes (5,2 m 1 essieu) -200 h/an | O79: 5.4 | P79: 6.3 | Q79: 6.3
M80: bétaillère 10-12 bêtes(7,10 m 2 essieux) - 200 h/an | O80: 6.9 | P80: 10 | Q80: 10
B81: Bétaillère (Nbre de Bêtes ou longeur)
B83: Coût horaire de la bétaillère (€/h) | E83: =IF((E81=M78),Q78,IF((E81=M79),Q79,IF((E81=M80),Q80,""))) | G83: Coût kilométrique de la bétaillère | H83: =E83/E78 -> #VALUE!
B84: (barème d'entraide hors main d'œuvre)

Sheet Transport viande et autres
A1: CALCUL DU PRIX DE REVIENT KILOMETRIQUE DES TRANSPORTS EN VENTE DIRECTE
A3: VEHICULE TRANSPORT DES CARCASSES, DE LA VIANDE ET AUTRES DEPLACEMENTS
E5: nom du véhicule
A6: Prix de revient au km de la voiture 3:
B8: Prix HT véhicule (déduire reprise ou revente)
B10: Durée de vie prévisionnelle du véhicule (an) | G10: Frais kilométrique d'amortissement du véhicule: | H10: =IF(E8=0," ",E8/(E10*E12))
B12: Nombre total de km par an (tous usages confondus)
B14: Consommation moyenne / 100 km
G15: Frais kilométrique de carburant du véhicule: | H15: =IF(E14=0," ",E14*E16/100) | J15: Total | K15: =H10+H15+H20 -> #VALUE!
B16: Prix moyen du carburant HT
B18: Frais annuels d'entretien et pneus
M19: Total Voiture 1 + caisson réfrigéré | N19: =K15+K28 -> #VALUE!
B20: Frais annuels d'assurances | G20: Autres frais kilométrique du véhicule: | H20: =IF(E12=0," ",(E18+E20+E22)/E12)
B22: Frais divers annuels
A24: Prix de revient au km du caisson réfrigéré ou isotherme ou de la remorque réfrigérée:
B26: Prix HT du caisson (déduire reprise ou revente)
B27: (déduction faite de subventions éventuelles)
B28: Durée de vie prévisionnelle du véhicule (an) | G28: Frais kilométrique de la bétaillère (incluant 20% de frais divers): | J28: Total | K28: =1.2*E26/(E28*E30) -> #DIV/0!
B30: Nombre total de km par an
B31: (tous usages condus)
E33: nom du véhicule
A34: Prix de revient au km de la voiture 4:
B36: Prix HT véhicule (déduire reprise ou revente)
M37: Total Voiture 2 + caisson réfrigéré | N37: =K28+K43 -> #DIV/0!
B38: Durée de vie prévisionnelle du véhicule (an) | G38: Frais kilométrique d'amortissement du véhicule: | H38: =IF(E36=0," ",E36/(E38*E40))
B40: Nombre total de km par an (tous usages confondus)
B42: Consommation moyenne / 100 km
G43: Frais kilométrique de carburant du véhicule: | H43: =IF(E42=0," ",E42*E44/100) | J43: Total | K43: =H38+H43+H48 -> #VALUE!
B44: Prix moyen du carburant HT
B46: Frais annuels d'entretien et pneus
B48: Frais annuels d'assurances | G48: Autres frais kilométrique du véhicule: | H48: =IF(E40=0," ",(E46+E48+E50)/E40)
B50: Frais divers annuels
E52: nom du véhicule
A53: Prix de revient au km camion frigo 1
B55: Prix HT véhicule (déduire reprise ou revente)
B56: (déduction faite de subventions éventuelles)
B57: Durée de vie prévisionnelle du véhicule (an) | G57: Frais kilométrique d'amortissement du véhicule: | H57: =IF(E59=0," ",E55/(E57*E59))
B59: Nombre total de km par an
B61: Consommation moyenne / 100 km
G62: Frais kilométrique de carburant du véhicule: | H62: =IF(E61=0," ",E61*E63/100) | J62: Total | K62: =H57+H62+H67 -> #VALUE!
B63: Prix moyen du carburant HT
B65: Frais annuels d'entretien et pneus
B67: Frais annuels d'assurances | G67: Autres frais kilométrique du véhicule: | H67: =IF(E59=0," ",(E65+E67+E69)/E59)
B69: Frais divers annuels
E71: nom du véhicule
A72: Prix de revient au km camion frigo 2
B74: Prix HT véhicule (déduire reprise ou revente)
B75: (déduction faite de subventions éventuelles)
B76: Durée de vie prévisionnelle du véhicule (an) | G76: Frais kilométrique d'amortissement du véhicule: | H76: =IF(E78=0," ",E74/(E76*E78))
B78: Nombre total de km par an
B80: Consommation moyenne / 100 km
G81: Frais kilométrique de carburant du véhicule: | H81: =IF(E80=0," ",E80*E82/100) | J81: Total | K81: =H76+H81+H86 -> #VALUE!
B82: Prix moyen du carburant HT
B84: Frais annuels d'entretien et pneus
B86: Frais annuels d'assurances | G86: Autres frais kilométrique du véhicule: | H86: =IF(E78=0," ",(E84+E86+E88)/E78)
B88: Frais divers annuels
E91: nom du véhicule
A92: Prix de revient au km autre véhicule
B94: Prix HT véhicule (déduire reprise ou revente)
B96: Durée de vie prévisionnelle du véhicule (an) | G96: Frais kilométrique d'amortissement du véhicule: | H96: =IF(E94=0," ",E94/(E96*E98))
B98: Nombre total de km par an (tous usages confondus)
B100: Consommation moyenne / 100 km
G101: Frais kilométrique de carburant du véhicule: | H101: =IF(E100=0," ",E100*E102/100) | J101: Total | K101: =H96+H101+H106 -> #VALUE!
B102: Prix moyen du carburant HT
B104: Frais annuels d'entretien et pneus
B106: Frais annuels d'assurances | G106: Autres frais kilométrique du véhicule: | H106: =IF(E98=0," ",(E104+E106+E108)/E98)
B108: Frais divers annuels

Sheet Recap cout kilometrique
A1: VEHICULES TRANSPORT DES ANIMAUX VIFS
B2: Voiture 1 + remorque ou van | C2: ='Transport animaux vifs'!E6 -> 0 | D2: ='Transport animaux vifs'!N19 -> #VALUE!
B3: Voiture 2 + remorque ou van | C3: ='Transport animaux vifs'!E34 -> 0 | D3: ='Transport animaux vifs'!N37 -> #DIV/0!
B4: Camion bétaillère | C4: ='Transport animaux vifs'!E53 -> 0 | D4: ='Transport animaux vifs'!K62 -> #VALUE!
B5: Tracteur + bétaillère | C5: ='Transport animaux vifs'!E71 -> 0 | D5: ='Transport animaux vifs'!K79 -> #VALUE!
A7: VEHICULES TRANSPORT DES CARCASSES, DE LA VIANDE
B8: Voiture 3 + caisson réfrigéré | C8: ='Transport viande et autres'!E6 -> 0 | D8: ='Transport viande et autres'!N19 -> #VALUE!
B9: Voiture 4 + caisson réfrigéré | C9: ='Transport viande et autres'!E34 -> 0 | D9: ='Transport viande et autres'!N37 -> #DIV/0!
B10: Camion frigo 1 | C10: ='Transport viande et autres'!E53 -> 0 | D10: ='Transport viande et autres'!K62 -> #VALUE!
B11: Camion frigo 2 | C11: ='Transport viande et autres'!E72 -> 0 | D11: ='Transport viande et autres'!K81 -> #VALUE!
A13: VEHICULES AUTRES DEPLACEMENTS
B14: Voiture 1 | C14: =C2 -> 0 | D14: ='Transport animaux vifs'!K15 -> #VALUE!
B15: Voiture 2 | C15: =C3 -> 0 | D15: ='Transport animaux vifs'!K43 -> #VALUE!
B16: Voiture 3 | C16: =C8 -> 0 | D16: ='Transport viande et autres'!K15 -> #VALUE!
B17: Voiture 4 | C17: =C9 -> 0 | D17: ='Transport viande et autres'!K43 -> #VALUE!
B18: Autre véhicule | C18: ='Transport viande et autres'!E92 -> 0 | D18: ='Transport viande et autres'!K101 -> #VALUE!

Sheet Coûts de transport
A1: Transport des animaux vers l'abattoir
E3: Coût kilométrique du véhicule
A4: Véhicules possibles | C4: Voiture 1 + remorque ou van | E4: ='Recap cout kilometrique'!D2 -> #VALUE!
C5: Voiture 2 + remorque ou van | E5: ='Recap cout kilometrique'!D3 -> #DIV/0!
C6: Camion bétaillère | E6: ='Recap cout kilometrique'!D4 -> #VALUE!
C7: Tracteur + bétaillère | E7: ='Recap cout kilometrique'!D5 -> #VALUE!
C8: Autre
C10: Type de véhicule utilisé | E10: Nombre de transports par an | G10: Distance abattoir aller/retour | I10: Frais kilométriques (€/km) | L10: Frais transport animaux par l'éleveur
B12: gros bovins | F12: x | H12: x | I12: =IF((C12=$C$4),$E$4,IF((C12=$C$5),$E$5,IF((C12=$C$6),$E$6,IF((C12=$C$7),$E$7,IF((C12=$C$8),$E$8,"0"))))) -> 0 | K12: = | L12: =E12*G12*I12 -> 0
B14: veaux | F14: x | H14: x | I14: =IF((C14=$C$4),$E$4,IF((C14=$C$5),$E$5,IF((C14=$C$6),$E$6,IF((C14=$C$7),$E$7,IF((C14=$C$8),$E$8,"0"))))) -> 0 | K14: = | L14: =E14*G14*I14 -> 0
B16: porcs | F16: x | H16: x | I16: =IF((C16=$C$4),$E$4,IF((C16=$C$5),$E$5,IF((C16=$C$6),$E$6,IF((C16=$C$7),$E$7,IF((C16=$C$8),$E$8,"0"))))) -> 0 | K16: = | L16: =E16*G16*I16 -> 0
B18: ovins | F18: x | H18: x | I18: =IF((C18=$C$4),$E$4,IF((C18=$C$5),$E$5,IF((C18=$C$6),$E$6,IF((C18=$C$7),$E$7,IF((C18=$C$8),$E$8,"0"))))) -> 0 | K18: = | L18: =E18*G18*I18 -> 0
B20: caprins | F20: x | H20: x | I20: =IF((C20=$C$4),$E$4,IF((C20=$C$5),$E$5,IF((C20=$C$6),$E$6,IF((C20=$C$7),$E$7,IF((C20=$C$8),$E$8,"0"))))) -> 0 | K20: = | L20: =E20*G20*I20 -> 0
B22: autre espèce | F22: x | H22: x | I22: =IF((C22=$C$4),$E$4,IF((C22=$C$5),$E$5,IF((C22=$C$6),$E$6,IF((C22=$C$7),$E$7,IF((C22=$C$8),$E$8,"0"))))) -> 0 | K22: = | L22: =E22*G22*I22 -> 0
A24: ET / OU | B24: globalisé toutes espèces | F24: x | H24: x | I24: =IF((C24=$C$4),$E$4,IF((C24=$C$5),$E$5,IF((C24=$C$6),$E$6,IF((C24=$C$7),$E$7,IF((C24=$C$8),$E$8,"0"))))) -> 0 | K24: = | L24: =E24*G24*I24 -> 0
B26: total | E26: =SUM(E12,E14,E16,E18,E20,E22,E24) -> 0 | G26: Distance parcourue/an | I26: =E12*G12+E14*G14+E16*G16+E18*G18+E20*G20+E22*G22+E24*G24 -> 0 | J26: km | K26: = | L26: =SUM(L12,L14,L16,L18,L20,L22,L24) -> 0
A28: Transport des carcasses vers l'atelier de découpe-transformation et/ou retour ferme
E30: Coût kilométrique du véhicule
A31: Véhicules possibles | C31: Voiture 3 + caisson réfrigéré | E31: ='Recap cout kilometrique'!D8 -> #VALUE!
C32: Voiture 4 + caisson réfrigéré | E32: ='Recap cout kilometrique'!D9 -> #DIV/0!
C33: Camion frigo 1 | E33: ='Recap cout kilometrique'!D10 -> #VALUE!
C34: Camion frigo 2 | E34: ='Recap cout kilometrique'!D11 -> #VALUE!
C35: Autre
C37: Type de véhicule utilisé | E37: Nombre de transports par an | G37: Distance retour carcasses aller-retour | I37: Frais kilométriques (€/km) | L37: Frais transport carcasses par l'éleveur
B39: gros bovins | H39: x | I39: =IF((C39=$C$31),$E$31,IF((C39=$C$32),$E$32,IF((C39=$C$33),$E$33,IF((C39=$C$34),$E$34,IF((C39=$C$35),$E$35,"0"))))) -> 0 | K39: = | L39: =E39*G39*I39 -> 0
B41: veaux | H41: x | I41: =IF((C41=$C$31),$E$31,IF((C41=$C$32),$E$32,IF((C41=$C$33),$E$33,IF((C41=$C$34),$E$34,IF((C41=$C$35),$E$35,"0"))))) -> 0 | K41: = | L41: =E41*G41*I41 -> 0
B43: porcs | H43: x | I43: =IF((C43=$C$31),$E$31,IF((C43=$C$32),$E$32,IF((C43=$C$33),$E$33,IF((C43=$C$34),$E$34,IF((C43=$C$35),$E$35,"0"))))) -> 0 | K43: = | L43: =E43*G43*I43 -> 0
B45: ovins | H45: x | I45: =IF((C45=$C$31),$E$31,IF((C45=$C$32),$E$32,IF((C45=$C$33),$E$33,IF((C45=$C$34),$E$34,IF((C45=$C$35),$E$35,"0"))))) -> 0 | K45: = | L45: =E45*G45*I45 -> 0
B47: caprins | H47: x | I47: =IF((C47=$C$31),$E$31,IF((C47=$C$32),$E$32,IF((C47=$C$33),$E$33,IF((C47=$C$34),$E$34,IF((C47=$C$35),$E$35,"0"))))) -> 0 | K47: = | L47: =E47*G47*I47 -> 0
B49: autre espèce | H49: x | I49: =IF((C49=$C$31),$E$31,IF((C49=$C$32),$E$32,IF((C49=$C$33),$E$33,IF((C49=$C$34),$E$34,IF((C49=$C$35),$E$35,"0"))))) -> 0 | K49: = | L49: =E49*G49*I49 -> 0
A51: ET / OU | B51: globalisé toutes espèces | H51: x | I51: =IF((C51=$C$31),$E$31,IF((C51=$C$32),$E$32,IF((C51=$C$33),$E$33,IF((C51=$C$34),$E$34,IF((C51=$C$35),$E$35,"0"))))) -> 0 | K51: = | L51: =E51*G51*I51 -> 0
B53: total | E53: =SUM(E39,E41,E43,E45,E47,E49,E51) -> 0 | G53: Distance parcourue/an | I53: =E39*G39+E41*G41+E43*G43+E45*G45+E47*G47+E49*G49+E51*G51 -> 0 | J53: km | K53: = | L53: =SUM(L39,L41,L43,L45,L47,L49,L51) -> 0
A56: Transports liés à la commercialisation
E58: Coût kilométrique du véhicule
A59: Véhicules possibles | C59: Voiture 3 + caisson frigo | E59: ='Recap cout kilometrique'!D8 -> #VALUE!
C60: Voiture 4 + caisson frigo | E60: ='Recap cout kilometrique'!D9 -> #DIV/0!
C61: Camion frigo 1 | E61: ='Recap cout kilometrique'!D10 -> #VALUE!
C62: Camion frigo 2 | E62: ='Recap cout kilometrique'!D11 -> #VALUE!
C63: Voiture 1 | E63: ='Recap cout kilometrique'!D14 -> #VALUE!
C64: Voiture 2 | E64: ='Recap cout kilometrique'!D15 -> #VALUE!
C65: Autre véhicule | E65: ='Recap cout kilometrique'!D18 -> #VALUE!
C67: Nom du circuit | D67: Type de véhicule utilisé | E67: Nombre de fois par an | F67: Distance du circuit en km | G67: Total distance annuelle | I67: Frais kilométriques | L67: Frais de transport commercialisation par l'éleveur
A69: Circuit 1 | G69: =E69*F69 -> 0 | H69: x | I69: =IF((D69=$C$59),$E$59,IF((D69=$C$60),$E$60,IF((D69=$C$61),$E$61,IF((D69=$C$62),$E$62,IF((D69=$C$63),$E$63,IF((D69=$C$64),$E$64,IF((D69=$C$65),$E$65,"0"))))))) -> 0 | K69: = | L69: =G69*I69 -> 0
A70: Circuit 2 | G70: =E70*F70 -> 0 | H70: x | I70: =IF((D70=$C$59),$E$59,IF((D70=$C$60),$E$60,IF((D70=$C$61),$E$61,IF((D70=$C$62),$E$62,IF((D70=$C$63),$E$63,IF((D70=$C$64),$E$64,IF((D70=$C$65),$E$65,"0"))))))) -> 0 | K70: = | L70: =G70*I70 -> 0
A71: Circuit 3 | G71: =E71*F71 -> 0 | H71: x | I71: =IF((D71=$C$59),$E$59,IF((D71=$C$60),$E$60,IF((D71=$C$61),$E$61,IF((D71=$C$62),$E$62,IF((D71=$C$63),$E$63,IF((D71=$C$64),$E$64,IF((D71=$C$65),$E$65,"0"))))))) -> 0 | K71: = | L71: =G71*I71 -> 0
A72: Circuit 4 | G72: =E72*F72 -> 0 | H72: x | I72: =IF((D72=$C$59),$E$59,IF((D72=$C$60),$E$60,IF((D72=$C$61),$E$61,IF((D72=$C$62),$E$62,IF((D72=$C$63),$E$63,IF((D72=$C$64),$E$64,IF((D72=$C$65),$E$65,"0"))))))) -> 0 | K72: = | L72: =G72*I72 -> 0
A73: Circuit 5 | G73: =E73*F73 -> 0 | H73: x | I73: =IF((D73=$C$59),$E$59,IF((D73=$C$60),$E$60,IF((D73=$C$61),$E$61,IF((D73=$C$62),$E$62,IF((D73=$C$63),$E$63,IF((D73=$C$64),$E$64,IF((D73=$C$65),$E$65,"0"))))))) -> 0 | K73: = | L73: =G73*I73 -> 0
A74: Circuit 6 | G74: =E74*F74 -> 0 | H74: x | I74: =IF((D74=$C$59),$E$59,IF((D74=$C$60),$E$60,IF((D74=$C$61),$E$61,IF((D74=$C$62),$E$62,IF((D74=$C$63),$E$63,IF((D74=$C$64),$E$64,IF((D74=$C$65),$E$65,"0"))))))) -> 0 | K74: = | L74: =G74*I74 -> 0
A75: Circuit 7 | G75: =E75*F75 -> 0 | H75: x | I75: =IF((D75=$C$59),$E$59,IF((D75=$C$60),$E$60,IF((D75=$C$61),$E$61,IF((D75=$C$62),$E$62,IF((D75=$C$63),$E$63,IF((D75=$C$64),$E$64,IF((D75=$C$65),$E$65,"0"))))))) -> 0 | K75: = | L75: =G75*I75 -> 0
A76: Circuit 8 | G76: =E76*F76 -> 0 | H76: x | I76: =IF((D76=$C$59),$E$59,IF((D76=$C$60),$E$60,IF((D76=$C$61),$E$61,IF((D76=$C$62),$E$62,IF((D76=$C$63),$E$63,IF((D76=$C$64),$E$64,IF((D76=$C$65),$E$65,"0"))))))) -> 0 | K76: = | L76: =G76*I76 -> 0
A77: Circuit 9 | G77: =E77*F77 -> 0 | H77: x | I77: =IF((D77=$C$59),$E$59,IF((D77=$C$60),$E$60,IF((D77=$C$61),$E$61,IF((D77=$C$62),$E$62,IF((D77=$C$63),$E$63,IF((D77=$C$64),$E$64,IF((D77=$C$65),$E$65,"0"))))))) -> 0 | K77: = | L77: =G77*I77 -> 0
A78: Circuit 10 | G78: =E78*F78 -> 0 | H78: x | I78: =IF((D78=$C$59),$E$59,IF((D78=$C$60),$E$60,IF((D78=$C$61),$E$61,IF((D78=$C$62),$E$62,IF((D78=$C$63),$E$63,IF((D78=$C$64),$E$64,IF((D78=$C$65),$E$65,"0"))))))) -> 0 | K78: = | L78: =G78*I78 -> 0
C79: TOTAL | G79: =SUM(G69:G78) -> 0 | K79: = | L79: =SUM(L69:L78) -> 0

Sheet clients
A1: Code 7003500 | C1: Viande fraiche | G1: page 839
D2: absence de poids indiqué
C4: porcs | D4: bœufs | E4: veau
B5: colis
B6: taille de colis
A8: Code 7003500 | G8: page840
B9: pas de poids indiqué
C10: Bœufs | E10: Veau | G10: boudin | H10: conserves | I10: ville de livraison | J10: autre mode de livraison
C12: quels type de morceaux | D12: clients | E12: quels type de morceaux | F12: clients | G12: clients | H12: clients
A13: =11 -> 11
A14: 12
A15: 13
A16: 14
A17: 15
A18: 16
A19: 17
A20: 18
A21: 19
A22: 20
A23: 21
A24: 22
A25: 23
... A75: 73

Sheet P11_difficultés
A1: Difficultés recontrées et solutions mises en place
G2: à mettre sur le volet qualité
A5: Equilibre matière / Rentabiliser une carcasse de viande
K6: rajout de commentaires
A7: Perception (facile, difficile, autant l'un que l'autre selon la période de l'année)
A8: Pratiques mise en œuvre
A12: pratiques découpe
A13: Points de difficultés rencontrés
A14: Résolution des points de difficulté
A15: Qui aide ?
A16: Points de difficultés non résolus
A20: pratiques transformation
A21: Points de difficultés rencontrés
A22: Résolution des points de difficulté
A23: Qui aide ?
A24: Points de difficultés non résolus
... A32: Points de difficultés non résolus

Sheet P9_releve de prix
A1: Prix Produits Porcs et Bovins
B2: modèle : CA63 | J2: à faire
A5: Prix Produits Porcs
B8: Les prix en € /kg TTC
B10: px TTC en € par kilo | C10: Vente direct | D10: Vente intermédiaires | E10: Réf prix VD médian | F10: Réf Px moyen VD mini | G10: Réf prix moyen VD maxi | H10: Réf prix VD médian | I10: Réf Px moyen VD mini | J10: Réf prix moyen VD maxi
B11: PRODUITS FRAIS
B12: Saucisse/Chipolotas | H12: 9.85 | I12: 9.5 | J12: 10.2
B13: Sauté | H13: 9.8 | I13: 9.1 | J13: 10.9
B14: Rouelle | H14: 8.55 | I14: 7.6 | J14: 9.4
B15: Côtes | H15: 9.05 | I15: 8.7 | J15: 9.7
B16: Roti filet désossé | H16: 10.2 | I16: 9.8 | J16: 10.1
B17: Poitrine fraiche | H17: 7.35 | I17: 6.9 | J17: 7.9
B18: Filet mignon | H18: 14.6 | I18: 13.5 | J18: 16.2
B19: Caissette 10 kg
B20: PRODUITS CUITS
B21: Jambon cuits | H21: 17.1 | I21: 16.1 | J21: 18.3
B22: Boudin noir | H22: 9.9 | I22: 9.2 | J22: 10.6
B23: Pâté de campagne | H23: 12.55 | I23: 12.2 | J23: 13.2
B24: Rillettes | H24: 15.3 | I24: 13.6 | J24: 16.8
B25: Saucisson cuit | H25: 12.45 | I25: 11.2 | J25: 15.8
B26: Andouillette | H26: 13.7 | I26: 10.3 | J26: 16.4
B27: PRODUITS SECHES
B28: Sauccisse sèche | H28: 19 | I28: 16.9 | J28: 21.9
B29: Saucisson sec | H29: 19.45 | I29: 18.1 | J29: 20.8
B30: Jambon sec entier | H30: 18.55 | I30: 13.2 | J30: 20.2
B31: PRODUITS FUMES
B32: Poitrine fumée | H32: 12.7 | I32: 12 | J32: 14.2
B33: Saucisse fumée | H33: 14.3 | I33: 13.3 | J33: 15.9
A37: Prix Produits Bovins
B39: GENISSE de 302,50 kg carcasse | C39: Vente au consommateur final au détail | E39: Vente au consommateur final au détail | G39: Vente au consommateur final en caissette de 10 kg | I39: Vente au consommateur final en caissette de 10 kg | K39: Vente aux collectivités au détail | M39: Vente aux collectivités au détail | P39: poids carcasse animal | R39: 302.5
B40: Types de viande | C40: Poids en kg / morceau | D40: Prix consommateur en € TTC | E40: Poids en kg / morceau | F40: Prix consommateur en € TTC | G40: Caissettes de 10 kg en moyenne | H40: Prix consommateur en € TTC | I40: Caissettes de 10 kg en moyenne | J40: Prix consommateur en € TTC | K40: Poids en kg / morceau | L40: Prix collectivité en € HT | M40: Poids en kg / morceau | N40: Prix collectivité en € HT
B41: Bavette | E41: 4.2 | F41: 22.99 | M41: 4.2 | N41: 9.9
B42: Faux filet | E42: 10.232 | F42: 22.99 | M42: 10.23 | N42: 16.9
B43: Filet de bœuf | E43: 6.4 | F43: 33.99 | M43: 6.4 | N43: 22
B44: Entrcôte | E44: 13.12 | F44: 22.99 | M44: 13.12 | N44: 16.9
B45: Jarret | E45: 4.6 | F45: 8.19 | M45: 4.6 | N45: 6.3
B46: Nerveux Gite (= bourguignon) | E46: 5.2 | F46: 9.19 | M46: 5.2 | N46: 6.3
B47: Gîte et rond de gîte (steack haché) | E47: 17.8 | F47: 14 | M47: 17.8 | N47: 8.5
B48: Rumsteack | E48: 8.6 | F48: 22.99 | M48: 8.6 | N48: 9.9
B49: Tranche grasse (=roosbeef) | E49: 12.6 | F49: 19.99 | M49: 12.6 | N49: 9.9
B50: Tranche | E50: 20.04 | F50: 19.99 | M50: 20.04 | N50: 9.9
B51: Chutes de parrage (steack haché) | E51: 6 | F51: 14 | M51: 6 | N51: 8.5
B52: Plat de côte (désossé en collectivité) | E52: 19.8 | F52: 6.5 | M52: 13 | N52: 6.3
... B65: TOTAL AVANT | E65: 78.08 | F65: 777.6192 | M65: 78.08 | N65: 491.904
I66: 21,64 caissettes | J66: 9.9
B67: GLOBAL VIANDE | E67: 216.432 | F67: 3200.2893 | I67: 216.432 | J67: 2142.6768 | M67: 209.63 | N67: 1919.739
B68: Rendement viande/ carcasse | C68: =$C$67/$R$39 -> 0 | E68: 0.71547769 | I68: 0.71547769 | M68: 0.69299174
B69: Valorisation / kg de viande nette | F69: 14.786581 | J69: 9.9 | N69: 9.1577494
B70: Valorisation / kg Carcasse | F70: 10.579469 | J70: 7.0832291 | N70: 6.3462446
B71: Les abats
B72: Tripes cuisinées en kg | E72: 13 | F72: 12 | M72: 13 | N72: 12
B73: Langue en ? | E73: 1 | F73: 17.5 | M73: 1 | N73: 17.5
B74: Foie en kg | E74: 2 | F74: 10 | M74: 2 | N74: 10
B75: TOTAL ABATS | E75: 16 | F75: 193.5 | M75: 16 | N75: 193.5
B77: Le cuir
B78: Cuir | E78: 1 | F78: 50 | M78: 1 | N78: 50
B80: VALORISATION GLOBALE | D80: 3443.7893 | F80: 3443.7893 | J80: 2142.6768 | N80: 2163.239
B81: Valorisation / kg de viande nette | D81: 15.911646 | F81: 15.911646 | J81: 9.9 | N81: 10.31932
B82: Valorisation / kg Carcasse | D82: 11.384427 | F82: 11.384427 | J82: 7.0832291 | N82: 7.1512033
B84: Les charges de découpe, colissage | D84: En € HT | F84: En € HT
B85: Achat carcasse au GAEC : | F85: 1210 | J85: 1210 | N85: 1210
B86: Transport bovin | F86: 31.5 | J86: 31.5 | N86: 31.5
B87: Abattage B | F87: 136.125 | J87: 136.125 | N87: 136.125
B88: Retour carcasse avec porte viande | F88: 31.5 | J88: 31.5 | N88: 31.5
B89: Frais de laboratoire global : | F89: 387.2 | J89: 387.2 | N89: 387.2
B91: Les charges de commercialisation
B92: Frais global : | F92: 113.43 | J92: 113.43 | N92: 113.43
B94: Les charges de structure
B95: Frais global | F95: 34.78 | J95: 34.78 | N95: 34.78
B97: La main d'œuvre exploitant
F98: 187.55 | J98: 187.55 | N98: 187.55
B100: TOTAL DES CHARGES | F100: 2132.085 | J100: 2132.085 | N100: 2132.085
B101: Charges / kg de viande nette | F101: 9.8510618 | J101: 9.8510618 | N101: 10.170706
B102: Charges / kg Carcasse | F102: 7.0482149 | J102: 7.0482149 | N102: 7.0482149
B104: MARGE NETTE | F104: 1311.7043 | J104: 10.5918 | N104: 31.154
B105: Marge nette / kg de viande nette | F105: 6.0605838 | J105: 0.048938235 | N105: 0.14861423
B106: Marge nette / kg Carcasse | D106: 4.3362125 | F106: 4.3362125 | J106: 0.035014215 | N106: 0.10298843

Sheet p10_Circuit de vente
B1: Circuits de vente
B5: Clients (noms si pros) | C5: Part Particulier | D5: Part client Professionnel | E5: Nb moy. circ. / éleveur | F5: A la ferme | G5: Marché | H5: Magasin à la ferme | I5: LAD (Livraison à domicile) | J5: Autres (foires, salons..) | K5: Paniers (Amap...) | L5: Magasin producteur "commun" dt click & collect (drive) | M5: A distance (e-com, casier) | N5: BCT | O5: Restau coll | P5: Restau com
B6: expl : panier sympa de St Flour (cf p21 doc compta)
B17: Circuits de vente
B19: type circuit | C19: lieu | D19: Nombre | E19: Nbre semaine de vente/an | F19: km aller | G19: type de véhicule | K19: jour | L19: lieu | M19: km aller/ferme | N19: nbre semaines dans l'année | O19: nbre de salariés/exploitant | P19: heure départ exploitation | Q19: heure arrivée exploitation | R19: véhicle utilisé
B20: Ferme | J20: marché 1
B21: marché | J21: marché 2
B22: Magasins | J22: marché 3
B23: Point de vente collectif | H23: y compris boulanger, épicerie | J23: marché 4
B24: Tournée | J24: marché 5
B25: Salons et Foires | J25: marché 6
B26: Drive Aurillac | J26: marché 7
B27: Drive Murat | J27: marché 8 | R27: 20 min
B28: Drive Prunet | J28: marché 9
B29: Producteurs fermiers à Saint Chély d'Apcher | J29: marché 10
B30: Boucherie | C30: boucherie bio, sur Bordeaux. | J30: marché 11
J31: marché 12

Sheet p6_prix de revient haché salé 
B1: Prix de revient -Process n°1
D2: 3 process retenu, choisi par l'éleveur
C4: Process retenu | D4: un de la liste
S5: RAPPEL : ont été retenus pour l'étude
D7: prix de revient | R7: decoupe | S7: haché salé (vrac+saucisses) | T7: stérilisé (Lisa) | U7: Haché salé ou assaisonné (saucisses ou vrac avec ou sans épices) (Lisa) | V7: charcuterie cuite : jambon cuit, rillettes (Léa) | W7: Séché: jambon sec et saucisson sec (Christelle)
E8: par kilo transformé | K8: gros bovins | R8: X | S8: x | T8: x
D9: charge de découpe | E9: =T73 -> 0 | F9: (cout matière première viande) | K9: veaux | R9: X | S9: x | T9: x
D10: charges opérationnelles | E10: =T74 -> 0 | K10: porc charcutier | R10: X | U10: x | V10: x | W10: x
D11: matériel utilisé pour ce process | E11: =S202 -> 0 | K11: truie | R11: X | U11: x | V11: x | W11: x
D12: charges de structure atelier | E12: =S202 -> 0
D13: coût du travail | E13: =S203 -> 0
D14: charges de commercialisation | F14: avec clés de répartition
D15: cout de la derniere maintenance
D16: cout d'entretien du matériel utilisé
D17: total prix de revient | E17: =SUM(E10:E14) -> 0
D19: cout de la dernière maintenance des matériels utilisés
D21: prix de vente moyen du produit HT
B25: si une recette | C25: nbre kilos utilisés | F25: choix 1 : sur l'année
F26: choix 2 : sur la recette
C29: nbre de fois que la recette est effectuée | F29: choix 1 : sur l'année
F30: choix 2 : sur la semaine
C31: nbre de semaine de transformation
B33: Charges opérationnelles
B34: voir la recette | C34: nom de l'ingrédient | D34: quantité utilisée | E34: g ou kilo | F34: prix unitaire | K34: Haché salé | L34: Stérilisé | M34: Haché salé épicé | N34: Rillettes | O34: jambon cuit | P34: Jambon sec | Q34: saucisson sec | R34: g ou kilo | S34: prix unitaire
B35: ingredient 1 | Q35: x | S35: 1 | T35: prendre les dernières factures
B36: ingredient 2 | P36: x | S36: 1
B37: ingredient 3 | S37: 1
B38: ingredient 4 | S38: 1
B39: ingredient 5 | S39: 1
B40: ingredient 6 | S40: 1
B41: ingredient 7 | S41: 1 | AB41: l
B42: ingredient 8 | S42: 1
B43: ingredient 9 | S43: 1
B44: ingredient 10 | S44: 1
B45: ingredient 11 | S45: 1
B46: emballage 1 | S46: 1
B47: emballage 2 | S47: 1
B48: emballage 3 | S48: 1
B49: emballage 4 | S49: 1
B50: anlayse 1 | S50: 1
B51: anlayse 2 | S51: 1
B52: anlayse 3 | S52: 1
B53: anlayse 4 | S53: 1
B54: anlayse 5 | S54: 1
B55: emballages 1
B56: emballages 2
B57: emballages 3
B58: emballages 4
B59: emballages 5
B60: emballages 6
B61: emballages 7
B62: emballages 8
B63: emballages 9
B64: autres | Q64: x | S64: 1
B65: autres | S65: 1
B66: autres | S66: 1
B67: autres | S67: 1
B68: autres | S68: 1
B69: autres | S69: 1
B70: autres | S70: 1
B71: autres | S71: 1
B72: autres | S72: 1
B74: total charges opérationnelles | R74: total | S74: =SUM(S35:S72) -> 29
C75: total charges opérationnelles par kilo transformé | R75: total/kg transformé | S75: =S74/$D$25 -> #DIV/0!
F78: etapes possibles : stockage, découpe, préparation de recette, conditionnement, vente
B80: matériel utilisé spécifiquement pour la recette | C80: non du matériel | D80: précision sur le type matériel (puissance) | E80: Nombre (si pertinent) | F80: Etape | G80: matériel spécifique | H80: matériel partagé | I80: préciser les recettes | J80: matériel commun | K80: Haché salé | L80: Stérilisé | M80: Haché salé épicé | N80: Rillettes | O80: jambon cuit | P80: Jambon sec | Q80: saucisson sec | S80: valeur amortissement totale
B81: matériel 1 | C81: Rail (carcasse pendue) | F81: stockage | K81: x | L81: x | M81: x | N81: x | O81: x | S81: 2
B82: matériel 2 | C82: table de découpe | F82: Découpe | K82: x | L82: x | M82: x | N82: x | O82: x | P82: x | Q82: x | S82: 3
B83: matériel 3 | C83: table de préparation | F83: Découpe | K83: x | L83: x | M83: x | N83: x | O83: x | P83: x | Q83: x | S83: 4
B84: matériel 4 | C84: table multi-usage | F84: Découpe | K84: x | L84: x | M84: x | N84: x | O84: x | P84: x | Q84: x | S84: 5
B85: matériel 5 | C85: couteaux | F85: Découpe | K85: x | L85: x | M85: x | N85: x | O85: x | P85: x | Q85: x | S85: 6
B86: matériel 6 | C86: planche à découper | F86: Découpe | K86: x | L86: x | M86: x | N86: x | O86: x | P86: x | Q86: x | S86: 7
B87: matériel 7 | C87: protection | F87: Découpe | K87: x | L87: x | M87: x | N87: x | O87: x | S87: 8
B88: matériel 8 | C88: vêtement de travail | F88: Découpe | K88: x | L88: x | M88: x | N88: x | O88: x | S88: 9
B89: matériel 9 | C89: Scie | F89: Découpe | K89: x | L89: x | M89: x | N89: x | O89: x | P89: x | Q89: x
B90: matériel 10 | C90: chariot à glissières | F90: commun | K90: x | L90: x | M90: x | S90: 10
B91: matériel 11 | C91: balances | F91: Préparation de recette | K91: x | L91: x | M91: x | N91: x | O91: x | S91: 11
B92: matériel 12 | C92: pelles doseuses | F92: Préparation de recette | Q92: x
B93: matériel 13 | C93: bacs | E93: 3 | F93: Préparation de recette | K93: x | L93: x | M93: x | N93: x | O93: x | S93: 12
B94: matériel 14 | C94: bacs à déchets (os, couennes, nerfs,parure) | F94: Préparation de recette | P94: x
B95: matériel 15 | C95: caisses plastiques pour jambon issu de découpe | F95: stockage | P95: x
B96: matériel 16 | C96: bacs hermétiques fermés (légumes) | F96: Préparation de recette | M96: x
B97: matériel 17 | C97: hachoir | F97: Préparation de recette | K97: x | L97: x | M97: x | N97: x | P97: x | Q97: x | S97: 13
B98: matériel 18 | C98: cutter | F98: Préparation de recette | K98: x | L98: x | M98: x | N98: x | P98: x | Q98: x
B99: matériel 19 | C99: Mélangeur | F99: Préparation de recette | K99: x | L99: x | M99: x | N99: x | Q99: x | S99: 14
B100: matériel 20 | C100: Table Poussoir | F100: Préparation de recette | M100: X (saucisses)
B101: matériel 21 | C101: Poussoir | F101: Préparation de recette | K101: x | L101: x | M101: x | Q101: x | S101: 15
B102: matériel 22 | C102: Poussoir portionneur | F102: Préparation de recette | K102: x | L102: x | M102: x | Q102: x
B103: matériel 27 | C103: spé légume pour épluchage, parage, nettoyage, désinfection, rinçage, égouttage | F103: Préparation de recette | M103: x
B112: matériel 28 | C112: matériel pour ébouillanter et faire refroidir les légumes | F112: Préparation de recette | M112: x
B121: matériel 29 | C121: Louche | N121: x
B122: matériel 30 | C122: Sertisseuse | F122: ou mettre? | L122: x
B123: matériel 31 | C123: Cellule EFC | F123: Préparation de recette | L123: x ? | O123: x
B124: matériel 32 | C124: étuve | F124: séchage | Q124: x
B125: matériel 33 | C125: Four | F125: Préparation de recette | L125: x | O125: x
B126: matériel 34 | C126: Fourneau | F126: Préparation de recette
B127: matériel 35 | C127: Four vapeur | F127: Préparation de recette | L127: x | O127: x
B128: matériel 36 | C128: Four ventilé | F128: Préparation de recette | O128: x
B129: matériel 37 | C129: Piano | F129: Préparation de recette | R129: $
B130: matériel 38 | C130: Autoclave manuel | F130: Préparation de recette | L130: x
...

Sheet p6_px_revient_haché_salé_epice
A1: Prix de revient -Process n°1
C2: 3 process retenu, choisi par l'éleveur
B4: Process retenu | C4: un de la liste
R5: RAPPEL : ont été retenus pour l'étude
C7: prix de revient | R7: haché salé (vrac+saucisses) | S7: stérilisé (Lisa) | T7: Haché salé ou assaisonné (saucisses ou vrac avec ou sans épices) (Lisa) | U7: charcuterie cuite : jambon cuit, rillettes (Léa) | V7: Séché: jambon sec et saucisson sec (Christelle)
D8: par kilo transformé | J8: gros bovins | R8: x | S8: x
C9: charge de découpe | D9: =S73 -> 0 | E9: (cout matière première viande) | J9: veaux | R9: x | S9: x
C10: charges opérationnelles | D10: =S74 -> 0 | J10: porc charcutier | T10: x | U10: x | V10: x
C11: matériel utilisé pour ce process | D11: =R202 -> 0 | J11: truie | T11: x | U11: x | V11: x
C12: charges de structure atelier | D12: =R202 -> 0
C13: coût du travail | D13: =R203 -> 0
C14: charges de commercialisation | E14: avec clés de répartition | R14: 1 | S14: 1 | T14: 1 | U14: 2 | V14: 2
C15: cout de la derniere maintenance
C16: cout d'entretien du matériel utilisé
C17: total prix de revient | D17: =SUM(D10:D14) -> 0
C19: cout de la dernière maintenance des matériels utilisés
C21: prix de vente moyen du produit HT
A25: si une recette | B25: nbre kilos utilisés | E25: choix 1 : sur l'année
E26: choix 2 : sur la recette
B29: nbre de fois que la recette est effectuée | E29: choix 1 : sur l'année
E30: choix 2 : sur la semaine
B31: nbre de semaine de transformation
A33: Charges opérationnelles
A34: voir la recette | B34: nom de l'ingrédient | C34: quantité utilisée | D34: g ou kilo | E34: prix unitaire | J34: Haché salé | K34: Stérilisé | L34: Haché salé épicé | M34: Rillettes | N34: jambon cuit | O34: Jambon sec | P34: saucisson sec | Q34: g ou kilo | R34: prix unitaire
A35: ingredient 1 | P35: x | R35: 1 | S35: prendre les dernières factures
A36: ingredient 2 | O36: x | R36: 1
A37: ingredient 3 | R37: 1
A38: ingredient 4 | R38: 1
A39: ingredient 5 | R39: 1
A40: ingredient 6 | R40: 1
A41: ingredient 7 | R41: 1 | AA41: l
A42: ingredient 8 | R42: 1
A43: ingredient 9 | R43: 1
A44: ingredient 10 | R44: 1
A45: ingredient 11 | R45: 1
A46: emballage 1 | R46: 1
A47: emballage 2 | R47: 1
A48: emballage 3 | R48: 1
A49: emballage 4 | R49: 1
A50: anlayse 1 | R50: 1
A51: anlayse 2 | R51: 1
A52: anlayse 3 | R52: 1
A53: anlayse 4 | R53: 1
A54: anlayse 5 | R54: 1
A55: emballages 1
A56: emballages 2
A57: emballages 3
A58: emballages 4
A59: emballages 5
A60: emballages 6
A61: emballages 7
A62: emballages 8
A63: emballages 9
A64: autres | P64: x | R64: 1
A65: autres | R65: 1
A66: autres | R66: 1
A67: autres | R67: 1
A68: autres | R68: 1
A69: autres | R69: 1
A70: autres | R70: 1
A71: autres | R71: 1
A72: autres | R72: 1
A74: total charges opérationnelles | Q74: total | R74: =SUM(R35:R72) -> 29
B75: total charges opérationnelles par kilo transformé | Q75: total/kg transformé | R75: =R74/$C$25 -> #DIV/0!
E78: etapes possibles : stockage, découpe, préparation de recette, conditionnement, vente
A80: matériel utilisé spécifiquement pour la recette | B80: non du matériel | C80: précision sur le type matériel (puissance) | D80: Nombre (si pertinent) | E80: Etape | F80: matériel spécifique | G80: matériel partagé | H80: préciser les recettes | I80: matériel commun | J80: Haché salé | K80: Stérilisé | L80: Haché salé épicé | M80: Rillettes | N80: jambon cuit | O80: Jambon sec | P80: saucisson sec | R80: valeur amortissement totale
A81: matériel 1 | B81: Rail (carcasse pendue) | E81: stockage | J81: x | K81: x | L81: x | M81: x | N81: x | R81: 2
A82: matériel 2 | B82: table de découpe | E82: Découpe | J82: x | K82: x | L82: x | M82: x | N82: x | O82: x | P82: x | R82: 3
A83: matériel 3 | B83: table de préparation | E83: Découpe | J83: x | K83: x | L83: x | M83: x | N83: x | O83: x | P83: x | R83: 4
A84: matériel 4 | B84: table multi-usage | E84: Découpe | J84: x | K84: x | L84: x | M84: x | N84: x | O84: x | P84: x | R84: 5
A85: matériel 5 | B85: couteaux | E85: Découpe | J85: x | K85: x | L85: x | M85: x | N85: x | O85: x | P85: x | R85: 6
A86: matériel 6 | B86: planche à découper | E86: Découpe | J86: x | K86: x | L86: x | M86: x | N86: x | O86: x | P86: x | R86: 7
A87: matériel 7 | B87: protection | E87: Découpe | J87: x | K87: x | L87: x | M87: x | N87: x | R87: 8
A88: matériel 8 | B88: vêtement de travail | E88: Découpe | J88: x | K88: x | L88: x | M88: x | N88: x | R88: 9
A89: matériel 9 | B89: Scie | E89: Découpe | J89: x | K89: x | L89: x | M89: x | N89: x | O89: x | P89: x
A90: matériel 10 | B90: chariot à glissières | E90: commun | J90: x | K90: x | L90: x | R90: 10
A91: matériel 11 | B91: balances | E91: Préparation de recette | J91: x | K91: x | L91: x | M91: x | N91: x | R91: 11
A92: matériel 12 | B92: pelles doseuses | E92: Préparation de recette | P92: x
A93: matériel 13 | B93: bacs | D93: 3 | E93: Préparation de recette | J93: x | K93: x | L93: x | M93: x | N93: x | R93: 12
A94: matériel 14 | B94: bacs à déchets (os, couennes, nerfs,parure) | E94: Préparation de recette | O94: x
A95: matériel 15 | B95: caisses plastiques pour jambon issu de découpe | E95: stockage | O95: x
A96: matériel 16 | B96: bacs hermétiques fermés (légumes) | E96: Préparation de recette | L96: x
A97: matériel 17 | B97: hachoir | E97: Préparation de recette | J97: x | K97: x | L97: x | M97: x | O97: x | P97: x | R97: 13
A98: matériel 18 | B98: cutter | E98: Préparation de recette | J98: x | K98: x | L98: x | M98: x | O98: x | P98: x
A99: matériel 19 | B99: Mélangeur | E99: Préparation de recette | J99: x | K99: x | L99: x | M99: x | P99: x | R99: 14
A100: matériel 20 | B100: Table Poussoir | E100: Préparation de recette | L100: X (saucisses)
A101: matériel 21 | B101: Poussoir | E101: Préparation de recette | J101: x | K101: x | L101: x | P101: x | R101: 15
A102: matériel 22 | B102: Poussoir portionneur | E102: Préparation de recette | J102: x | K102: x | L102: x | P102: x
A103: matériel 27 | B103: spé légume pour épluchage, parage, nettoyage, désinfection, rinçage, égouttage | E103: Préparation de recette | L103: x
A112: matériel 28 | B112: matériel pour ébouillanter et faire refroidir les légumes | E112: Préparation de recette | L112: x
A121: matériel 29 | B121: Louche | M121: x
A122: matériel 30 | B122: Sertisseuse | E122: ou mettre? | K122: x
A123: matériel 31 | B123: Cellule EFC | E123: Préparation de recette | K123: x ? | N123: x
A124: matériel 32 | B124: étuve | E124: séchage | P124: x
A125: matériel 33 | B125: Four | E125: Préparation de recette | K125: x | N125: x
A126: matériel 34 | B126: Fourneau | E126: Préparation de recette
A127: matériel 35 | B127: Four vapeur | E127: Préparation de recette | K127: x | N127: x
A128: matériel 36 | B128: Four ventilé | E128: Préparation de recette | N128: x
A129: matériel 37 | B129: Piano | E129: Préparation de recette | Q129: $
A130: matériel 38 | B130: Autoclave manuel | E130: Préparation de recette | K130: x
...

Sheet p6_px_rev_jambon cuit
A1: Prix de revient -Process n°1
C2: 3 process retenu, choisi par l'éleveur
B4: Process retenu | C4: un de la liste
R5: RAPPEL : ont été retenus pour l'étude
C7: prix de revient | R7: haché salé (vrac+saucisses) | S7: stérilisé (Lisa) | T7: Haché salé ou assaisonné (saucisses ou vrac avec ou sans épices) (Lisa) | U7: charcuterie cuite : jambon cuit, rillettes (Léa) | V7: Séché: jambon sec et saucisson sec (Christelle)
D8: par kilo transformé | J8: gros bovins | R8: x | S8: x
C9: charge de découpe | D9: =S73 -> 0 | E9: (cout matière première viande) | J9: veaux | R9: x | S9: x
C10: charges opérationnelles | D10: =S74 -> 0 | J10: porc charcutier | T10: x | U10: x | V10: x
C11: matériel utilisé pour ce process | D11: =R202 -> 0 | J11: truie | T11: x | U11: x | V11: x
C12: charges de structure atelier | D12: =R202 -> 0
C13: coût du travail | D13: =R203 -> 0
C14: charges de commercialisation | E14: avec clés de répartition | R14: 1 | S14: 1 | T14: 1 | U14: 2 | V14: 2
C15: cout de la derniere maintenance
C16: cout d'entretien du matériel utilisé
C17: total prix de revient | D17: =SUM(D10:D14) -> 0
C19: cout de la dernière maintenance des matériels utilisés
C21: prix de vente moyen du produit HT
A25: si une recette | B25: nbre kilos utilisés | E25: choix 1 : sur l'année
E26: choix 2 : sur la recette
B29: nbre de fois que la recette est effectuée | E29: choix 1 : sur l'année
E30: choix 2 : sur la semaine
B31: nbre de semaine de transformation
A33: Charges opérationnelles
A34: voir la recette | B34: nom de l'ingrédient | C34: quantité utilisée | D34: g ou kilo | E34: prix unitaire | J34: Haché salé | K34: Stérilisé | L34: Haché salé épicé | M34: Rillettes | N34: jambon cuit | O34: Jambon sec | P34: saucisson sec | Q34: g ou kilo | R34: prix unitaire
A35: ingredient 1 | P35: x | R35: 1 | S35: prendre les dernières factures
A36: ingredient 2 | O36: x | R36: 1
A37: ingredient 3 | R37: 1
A38: ingredient 4 | R38: 1
A39: ingredient 5 | R39: 1
A40: ingredient 6 | R40: 1
A41: ingredient 7 | R41: 1 | AA41: l
A42: ingredient 8 | R42: 1
A43: ingredient 9 | R43: 1
A44: ingredient 10 | R44: 1
A45: ingredient 11 | R45: 1
A46: emballage 1 | R46: 1
A47: emballage 2 | R47: 1
A48: emballage 3 | R48: 1
A49: emballage 4 | R49: 1
A50: anlayse 1 | R50: 1
A51: anlayse 2 | R51: 1
A52: anlayse 3 | R52: 1
A53: anlayse 4 | R53: 1
A54: anlayse 5 | R54: 1
A55: emballages 1
A56: emballages 2
A57: emballages 3
A58: emballages 4
A59: emballages 5
A60: emballages 6
A61: emballages 7
A62: emballages 8
A63: emballages 9
A64: autres | P64: x | R64: 1
A65: autres | R65: 1
A66: autres | R66: 1
A67: autres | R67: 1
A68: autres | R68: 1
A69: autres | R69: 1
A70: autres | R70: 1
A71: autres | R71: 1
A72: autres | R72: 1
A74: total charges opérationnelles | Q74: total | R74: =SUM(R35:R72) -> 29
B75: total charges opérationnelles par kilo transformé | Q75: total/kg transformé | R75: =R74/$C$25 -> #DIV/0!
E78: etapes possibles : stockage, découpe, préparation de recette, conditionnement, vente
A80: matériel utilisé spécifiquement pour la recette | B80: non du matériel | C80: précision sur le type matériel (puissance) | D80: Nombre (si pertinent) | E80: Etape | F80: matériel spécifique | G80: matériel partagé | H80: préciser les recettes | I80: matériel commun | J80: Haché salé | K80: Stérilisé | L80: Haché salé épicé | M80: Rillettes | N80: jambon cuit | O80: Jambon sec | P80: saucisson sec | R80: valeur amortissement totale
A81: matériel 1 | B81: Rail (carcasse pendue) | E81: stockage | J81: x | K81: x | L81: x | M81: x | N81: x | R81: 2
A82: matériel 2 | B82: table de découpe | E82: Découpe | J82: x | K82: x | L82: x | M82: x | N82: x | O82: x | P82: x | R82: 3
A83: matériel 3 | B83: table de préparation | E83: Découpe | J83: x | K83: x | L83: x | M83: x | N83: x | O83: x | P83: x | R83: 4
A84: matériel 4 | B84: table multi-usage | E84: Découpe | J84: x | K84: x | L84: x | M84: x | N84: x | O84: x | P84: x | R84: 5
A85: matériel 5 | B85: couteaux | E85: Découpe | J85: x | K85: x | L85: x | M85: x | N85: x | O85: x | P85: x | R85: 6
A86: matériel 6 | B86: planche à découper | E86: Découpe | J86: x | K86: x | L86: x | M86: x | N86: x | O86: x | P86: x | R86: 7
A87: matériel 7 | B87: protection | E87: Découpe | J87: x | K87: x | L87: x | M87: x | N87: x | R87: 8
A88: matériel 8 | B88: vêtement de travail | E88: Découpe | J88: x | K88: x | L88: x | M88: x | N88: x | R88: 9
A89: matériel 9 | B89: Scie | E89: Découpe | J89: x | K89: x | L89: x | M89: x | N89: x | O89: x | P89: x
A90: matériel 10 | B90: chariot à glissières | E90: commun | J90: x | K90: x | L90: x | R90: 10
A91: matériel 11 | B91: balances | E91: Préparation de recette | J91: x | K91: x | L91: x | M91: x | N91: x | R91: 11
A92: matériel 12 | B92: pelles doseuses | E92: Préparation de recette | P92: x
A93: matériel 13 | B93: bacs | D93: 3 | E93: Préparation de recette | J93: x | K93: x | L93: x | M93: x | N93: x | R93: 12
A94: matériel 14 | B94: bacs à déchets (os, couennes, nerfs,parure) | E94: Préparation de recette | O94: x
A95: matériel 15 | B95: caisses plastiques pour jambon issu de découpe | E95: stockage | O95: x
A96: matériel 16 | B96: bacs hermétiques fermés (légumes) | E96: Préparation de recette | L96: x
A97: matériel 17 | B97: hachoir | E97: Préparation de recette | J97: x | K97: x | L97: x | M97: x | O97: x | P97: x | R97: 13
A98: matériel 18 | B98: cutter | E98: Préparation de recette | J98: x | K98: x | L98: x | M98: x | O98: x | P98: x
A99: matériel 19 | B99: Mélangeur | E99: Préparation de recette | J99: x | K99: x | L99: x | M99: x | P99: x | R99: 14
A100: matériel 20 | B100: Table Poussoir | E100: Préparation de recette | L100: X (saucisses)
A101: matériel 21 | B101: Poussoir | E101: Préparation de recette | J101: x | K101: x | L101: x | P101: x | R101: 15
A102: matériel 22 | B102: Poussoir portionneur | E102: Préparation de recette | J102: x | K102: x | L102: x | P102: x
A103: matériel 27 | B103: spé légume pour épluchage, parage, nettoyage, désinfection, rinçage, égouttage | E103: Préparation de recette | L103: x
A112: matériel 28 | B112: matériel pour ébouillanter et faire refroidir les légumes | E112: Préparation de recette | L112: x
A121: matériel 29 | B121: Louche | M121: x
A122: matériel 30 | B122: Sertisseuse | E122: ou mettre? | K122: x
A123: matériel 31 | B123: Cellule EFC | E123: Préparation de recette | K123: x ? | N123: x
A124: matériel 32 | B124: étuve | E124: séchage | P124: x
A125: matériel 33 | B125: Four | E125: Préparation de recette | K125: x | N125: x
A126: matériel 34 | B126: Fourneau | E126: Préparation de recette
A127: matériel 35 | B127: Four vapeur | E127: Préparation de recette | K127: x | N127: x
A128: matériel 36 | B128: Four ventilé | E128: Préparation de recette | N128: x
A129: matériel 37 | B129: Piano | E129: Préparation de recette | Q129: $
A130: matériel 38 | B130: Autoclave manuel | E130: Préparation de recette | K130: x
...

Sheet p6_px_rev_jambon sec
A1: Prix de revient -Process n°1
C2: 3 process retenu, choisi par l'éleveur
B4: Process retenu | C4: un de la liste
R5: RAPPEL : ont été retenus pour l'étude
C7: prix de revient | R7: haché salé (vrac+saucisses) | S7: stérilisé (Lisa) | T7: Haché salé ou assaisonné (saucisses ou vrac avec ou sans épices) (Lisa) | U7: charcuterie cuite : jambon cuit, rillettes (Léa) | V7: Séché: jambon sec et saucisson sec (Christelle)
D8: par kilo transformé | J8: gros bovins | R8: x | S8: x
C9: charge de découpe | D9: =S73 -> 0 | E9: (cout matière première viande) | J9: veaux | R9: x | S9: x
C10: charges opérationnelles | D10: =S74 -> 0 | J10: porc charcutier | T10: x | U10: x | V10: x
C11: matériel utilisé pour ce process | D11: =R202 -> 0 | J11: truie | T11: x | U11: x | V11: x
C12: charges de structure atelier | D12: =R202 -> 0
C13: coût du travail | D13: =R203 -> 0
C14: charges de commercialisation | E14: avec clés de répartition | R14: 1 | S14: 1 | T14: 1 | U14: 2 | V14: 2
C15: cout de la derniere maintenance
C16: cout d'entretien du matériel utilisé
C17: total prix de revient | D17: =SUM(D10:D14) -> 0
C19: cout de la dernière maintenance des matériels utilisés
C21: prix de vente moyen du produit HT
A25: si une recette | B25: nbre kilos utilisés | E25: choix 1 : sur l'année
E26: choix 2 : sur la recette
B29: nbre de fois que la recette est effectuée | E29: choix 1 : sur l'année
E30: choix 2 : sur la semaine
B31: nbre de semaine de transformation
A33: Charges opérationnelles
A34: voir la recette | B34: nom de l'ingrédient | C34: quantité utilisée | D34: g ou kilo | E34: prix unitaire | J34: Haché salé | K34: Stérilisé | L34: Haché salé épicé | M34: Rillettes | N34: jambon cuit | O34: Jambon sec | P34: saucisson sec | Q34: g ou kilo | R34: prix unitaire
A35: ingredient 1 | P35: x | R35: 1 | S35: prendre les dernières factures
A36: ingredient 2 | O36: x | R36: 1
A37: ingredient 3 | R37: 1
A38: ingredient 4 | R38: 1
A39: ingredient 5 | R39: 1
A40: ingredient 6 | R40: 1
A41: ingredient 7 | R41: 1 | AA41: l
A42: ingredient 8 | R42: 1
A43: ingredient 9 | R43: 1
A44: ingredient 10 | R44: 1
A45: ingredient 11 | R45: 1
A46: emballage 1 | R46: 1
A47: emballage 2 | R47: 1
A48: emballage 3 | R48: 1
A49: emballage 4 | R49: 1
A50: anlayse 1 | R50: 1
A51: anlayse 2 | R51: 1
A52: anlayse 3 | R52: 1
A53: anlayse 4 | R53: 1
A54: anlayse 5 | R54: 1
A55: emballages 1
A56: emballages 2
A57: emballages 3
A58: emballages 4
A59: emballages 5
A60: emballages 6
A61: emballages 7
A62: emballages 8
A63: emballages 9
A64: autres | P64: x | R64: 1
A65: autres | R65: 1
A66: autres | R66: 1
A67: autres | R67: 1
A68: autres | R68: 1
A69: autres | R69: 1
A70: autres | R70: 1
A71: autres | R71: 1
A72: autres | R72: 1
A74: total charges opérationnelles | Q74: total | R74: =SUM(R35:R72) -> 29
B75: total charges opérationnelles par kilo transformé | Q75: total/kg transformé | R75: =R74/$C$25 -> #DIV/0!
E78: etapes possibles : stockage, découpe, préparation de recette, conditionnement, vente
A80: matériel utilisé spécifiquement pour la recette | B80: non du matériel | C80: précision sur le type matériel (puissance) | D80: Nombre (si pertinent) | E80: Etape | F80: matériel spécifique | G80: matériel partagé | H80: préciser les recettes | I80: matériel commun | J80: Haché salé | K80: Stérilisé | L80: Haché salé épicé | M80: Rillettes | N80: jambon cuit | O80: Jambon sec | P80: saucisson sec | R80: valeur amortissement totale
A81: matériel 1 | B81: Rail (carcasse pendue) | E81: stockage | J81: x | K81: x | L81: x | M81: x | N81: x | R81: 2
A82: matériel 2 | B82: table de découpe | E82: Découpe | J82: x | K82: x | L82: x | M82: x | N82: x | O82: x | P82: x | R82: 3
A83: matériel 3 | B83: table de préparation | E83: Découpe | J83: x | K83: x | L83: x | M83: x | N83: x | O83: x | P83: x | R83: 4
A84: matériel 4 | B84: table multi-usage | E84: Découpe | J84: x | K84: x | L84: x | M84: x | N84: x | O84: x | P84: x | R84: 5
A85: matériel 5 | B85: couteaux | E85: Découpe | J85: x | K85: x | L85: x | M85: x | N85: x | O85: x | P85: x | R85: 6
A86: matériel 6 | B86: planche à découper | E86: Découpe | J86: x | K86: x | L86: x | M86: x | N86: x | O86: x | P86: x | R86: 7
A87: matériel 7 | B87: protection | E87: Découpe | J87: x | K87: x | L87: x | M87: x | N87: x | R87: 8
A88: matériel 8 | B88: vêtement de travail | E88: Découpe | J88: x | K88: x | L88: x | M88: x | N88: x | R88: 9
A89: matériel 9 | B89: Scie | E89: Découpe | J89: x | K89: x | L89: x | M89: x | N89: x | O89: x | P89: x
A90: matériel 10 | B90: chariot à glissières | E90: commun | J90: x | K90: x | L90: x | R90: 10
A91: matériel 11 | B91: balances | E91: Préparation de recette | J91: x | K91: x | L91: x | M91: x | N91: x | R91: 11
A92: matériel 12 | B92: pelles doseuses | E92: Préparation de recette | P92: x
A93: matériel 13 | B93: bacs | D93: 3 | E93: Préparation de recette | J93: x | K93: x | L93: x | M93: x | N93: x | R93: 12
A94: matériel 14 | B94: bacs à déchets (os, couennes, nerfs,parure) | E94: Préparation de recette | O94: x
A95: matériel 15 | B95: caisses plastiques pour jambon issu de découpe | E95: stockage | O95: x
A96: matériel 16 | B96: bacs hermétiques fermés (légumes) | E96: Préparation de recette | L96: x
A97: matériel 17 | B97: hachoir | E97: Préparation de recette | J97: x | K97: x | L97: x | M97: x | O97: x | P97: x | R97: 13
A98: matériel 18 | B98: cutter | E98: Préparation de recette | J98: x | K98: x | L98: x | M98: x | O98: x | P98: x
A99: matériel 19 | B99: Mélangeur | E99: Préparation de recette | J99: x | K99: x | L99: x | M99: x | P99: x | R99: 14
A100: matériel 20 | B100: Table Poussoir | E100: Préparation de recette | L100: X (saucisses)
A101: matériel 21 | B101: Poussoir | E101: Préparation de recette | J101: x | K101: x | L101: x | P101: x | R101: 15
A102: matériel 22 | B102: Poussoir portionneur | E102: Préparation de recette | J102: x | K102: x | L102: x | P102: x
A103: matériel 27 | B103: spé légume pour épluchage, parage, nettoyage, désinfection, rinçage, égouttage | E103: Préparation de recette | L103: x
A112: matériel 28 | B112: matériel pour ébouillanter et faire refroidir les légumes | E112: Préparation de recette | L112: x
A121: matériel 29 | B121: Louche | M121: x
A122: matériel 30 | B122: Sertisseuse | E122: ou mettre? | K122: x
A123: matériel 31 | B123: Cellule EFC | E123: Préparation de recette | K123: x ? | N123: x
A124: matériel 32 | B124: étuve | E124: séchage | P124: x
A125: matériel 33 | B125: Four | E125: Préparation de recette | K125: x | N125: x
A126: matériel 34 | B126: Fourneau | E126: Préparation de recette
A127: matériel 35 | B127: Four vapeur | E127: Préparation de recette | K127: x | N127: x
A128: matériel 36 | B128: Four ventilé | E128: Préparation de recette | N128: x
A129: matériel 37 | B129: Piano | E129: Préparation de recette | Q129: $
A130: matériel 38 | B130: Autoclave manuel | E130: Préparation de recette | K130: x
...

Sheet p6_px_rev_saucisson sec 
A1: Prix de revient -Process n°1
C2: 3 process retenu, choisi par l'éleveur
B4: Process retenu | C4: un de la liste
R5: RAPPEL : ont été retenus pour l'étude
C7: prix de revient | R7: haché salé (vrac+saucisses) | S7: stérilisé (Lisa) | T7: Haché salé ou assaisonné (saucisses ou vrac avec ou sans épices) (Lisa) | U7: charcuterie cuite : jambon cuit, rillettes (Léa) | V7: Séché: jambon sec et saucisson sec (Christelle)
D8: par kilo transformé | J8: gros bovins | R8: x | S8: x
C9: charge de découpe | D9: =S73 -> 0 | E9: (cout matière première viande) | J9: veaux | R9: x | S9: x
C10: charges opérationnelles | D10: =S74 -> 0 | J10: porc charcutier | T10: x | U10: x | V10: x
C11: matériel utilisé pour ce process | D11: =R202 -> 0 | J11: truie | T11: x | U11: x | V11: x
C12: charges de structure atelier | D12: =R202 -> 0
C13: coût du travail | D13: =R203 -> 0
C14: charges de commercialisation | E14: avec clés de répartition | R14: 1 | S14: 1 | T14: 1 | U14: 2 | V14: 2
C15: cout de la derniere maintenance
C16: cout d'entretien du matériel utilisé
C17: total prix de revient | D17: =SUM(D10:D14) -> 0
C19: cout de la dernière maintenance des matériels utilisés
C21: prix de vente moyen du produit HT
A25: si une recette | B25: nbre kilos utilisés | E25: choix 1 : sur l'année
E26: choix 2 : sur la recette
B29: nbre de fois que la recette est effectuée | E29: choix 1 : sur l'année
E30: choix 2 : sur la semaine
B31: nbre de semaine de transformation
A33: Charges opérationnelles
A34: voir la recette | B34: nom de l'ingrédient | C34: quantité utilisée | D34: g ou kilo | E34: prix unitaire | J34: Haché salé | K34: Stérilisé | L34: Haché salé épicé | M34: Rillettes | N34: jambon cuit | O34: Jambon sec | P34: saucisson sec | Q34: g ou kilo | R34: prix unitaire
A35: ingredient 1 | P35: x | R35: 1 | S35: prendre les dernières factures
A36: ingredient 2 | O36: x | R36: 1
A37: ingredient 3 | R37: 1
A38: ingredient 4 | R38: 1
A39: ingredient 5 | R39: 1
A40: ingredient 6 | R40: 1
A41: ingredient 7 | R41: 1 | AA41: l
A42: ingredient 8 | R42: 1
A43: ingredient 9 | R43: 1
A44: ingredient 10 | R44: 1
A45: ingredient 11 | R45: 1
A46: emballage 1 | R46: 1
A47: emballage 2 | R47: 1
A48: emballage 3 | R48: 1
A49: emballage 4 | R49: 1
A50: anlayse 1 | R50: 1
A51: anlayse 2 | R51: 1
A52: anlayse 3 | R52: 1
A53: anlayse 4 | R53: 1
A54: anlayse 5 | R54: 1
A55: emballages 1
A56: emballages 2
A57: emballages 3
A58: emballages 4
A59: emballages 5
A60: emballages 6
A61: emballages 7
A62: emballages 8
A63: emballages 9
A64: autres | P64: x | R64: 1
A65: autres | R65: 1
A66: autres | R66: 1
A67: autres | R67: 1
A68: autres | R68: 1
A69: autres | R69: 1
A70: autres | R70: 1
A71: autres | R71: 1
A72: autres | R72: 1
A74: total charges opérationnelles | Q74: total | R74: =SUM(R35:R72) -> 29
B75: total charges opérationnelles par kilo transformé | Q75: total/kg transformé | R75: =R74/$C$25 -> #DIV/0!
E78: etapes possibles : stockage, découpe, préparation de recette, conditionnement, vente
A80: matériel utilisé spécifiquement pour la recette | B80: non du matériel | C80: précision sur le type matériel (puissance) | D80: Nombre (si pertinent) | E80: Etape | F80: matériel spécifique | G80: matériel partagé | H80: préciser les recettes | I80: matériel commun | J80: Haché salé | K80: Stérilisé | L80: Haché salé épicé | M80: Rillettes | N80: jambon cuit | O80: Jambon sec | P80: saucisson sec | R80: valeur amortissement totale
A81: matériel 1 | B81: Rail (carcasse pendue) | E81: stockage | J81: x | K81: x | L81: x | M81: x | N81: x | R81: 2
A82: matériel 2 | B82: table de découpe | E82: Découpe | J82: x | K82: x | L82: x | M82: x | N82: x | O82: x | P82: x | R82: 3
A83: matériel 3 | B83: table de préparation | E83: Découpe | J83: x | K83: x | L83: x | M83: x | N83: x | O83: x | P83: x | R83: 4
A84: matériel 4 | B84: table multi-usage | E84: Découpe | J84: x | K84: x | L84: x | M84: x | N84: x | O84: x | P84: x | R84: 5
A85: matériel 5 | B85: couteaux | E85: Découpe | J85: x | K85: x | L85: x | M85: x | N85: x | O85: x | P85: x | R85: 6
A86: matériel 6 | B86: planche à découper | E86: Découpe | J86: x | K86: x | L86: x | M86: x | N86: x | O86: x | P86: x | R86: 7
A87: matériel 7 | B87: protection | E87: Découpe | J87: x | K87: x | L87: x | M87: x | N87: x | R87: 8
A88: matériel 8 | B88: vêtement de travail | E88: Découpe | J88: x | K88: x | L88: x | M88: x | N88: x | R88: 9
A89: matériel 9 | B89: Scie | E89: Découpe | J89: x | K89: x | L89: x | M89: x | N89: x | O89: x | P89: x
A90: matériel 10 | B90: chariot à glissières | E90: commun | J90: x | K90: x | L90: x | R90: 10
A91: matériel 11 | B91: balances | E91: Préparation de recette | J91: x | K91: x | L91: x | M91: x | N91: x | R91: 11
A92: matériel 12 | B92: pelles doseuses | E92: Préparation de recette | P92: x
A93: matériel 13 | B93: bacs | D93: 3 | E93: Préparation de recette | J93: x | K93: x | L93: x | M93: x | N93: x | R93: 12
A94: matériel 14 | B94: bacs à déchets (os, couennes, nerfs,parure) | E94: Préparation de recette | O94: x
A95: matériel 15 | B95: caisses plastiques pour jambon issu de découpe | E95: stockage | O95: x
A96: matériel 16 | B96: bacs hermétiques fermés (légumes) | E96: Préparation de recette | L96: x
A97: matériel 17 | B97: hachoir | E97: Préparation de recette | J97: x | K97: x | L97: x | M97: x | O97: x | P97: x | R97: 13
A98: matériel 18 | B98: cutter | E98: Préparation de recette | J98: x | K98: x | L98: x | M98: x | O98: x | P98: x
A99: matériel 19 | B99: Mélangeur | E99: Préparation de recette | J99: x | K99: x | L99: x | M99: x | P99: x | R99: 14
A100: matériel 20 | B100: Table Poussoir | E100: Préparation de recette | L100: X (saucisses)
A101: matériel 21 | B101: Poussoir | E101: Préparation de recette | J101: x | K101: x | L101: x | P101: x | R101: 15
A102: matériel 22 | B102: Poussoir portionneur | E102: Préparation de recette | J102: x | K102: x | L102: x | P102: x
A103: matériel 27 | B103: spé légume pour épluchage, parage, nettoyage, désinfection, rinçage, égouttage | E103: Préparation de recette | L103: x
A112: matériel 28 | B112: matériel pour ébouillanter et faire refroidir les légumes | E112: Préparation de recette | L112: x
A121: matériel 29 | B121: Louche | M121: x
A122: matériel 30 | B122: Sertisseuse | E122: ou mettre? | K122: x
A123: matériel 31 | B123: Cellule EFC | E123: Préparation de recette | K123: x ? | N123: x
A124: matériel 32 | B124: étuve | E124: séchage | P124: x
A125: matériel 33 | B125: Four | E125: Préparation de recette | K125: x | N125: x
A126: matériel 34 | B126: Fourneau | E126: Préparation de recette
A127: matériel 35 | B127: Four vapeur | E127: Préparation de recette | K127: x | N127: x
A128: matériel 36 | B128: Four ventilé | E128: Préparation de recette | N128: x
A129: matériel 37 | B129: Piano | E129: Préparation de recette | Q129: $
A130: matériel 38 | B130: Autoclave manuel | E130: Préparation de recette | K130: x
...

Sheet p6_px_revient_rillettes
A1: Prix de revient -Process n°1
C2: 3 process retenu, choisi par l'éleveur
B4: Process retenu | C4: un de la liste
R5: RAPPEL : ont été retenus pour l'étude
C7: prix de revient | R7: haché salé (vrac+saucisses) | S7: stérilisé (Lisa) | T7: Haché salé ou assaisonné (saucisses ou vrac avec ou sans épices) (Lisa) | U7: charcuterie cuite : jambon cuit, rillettes (Léa) | V7: Séché: jambon sec et saucisson sec (Christelle)
D8: par kilo transformé | J8: gros bovins | R8: x | S8: x
C9: charge de découpe | D9: =S73 -> 0 | E9: (cout matière première viande) | J9: veaux | R9: x | S9: x
C10: charges opérationnelles | D10: =S74 -> 0 | J10: porc charcutier | T10: x | U10: x | V10: x
C11: matériel utilisé pour ce process | D11: =R202 -> 0 | J11: truie | T11: x | U11: x | V11: x
C12: charges de structure atelier | D12: =R202 -> 0
C13: coût du travail | D13: =R203 -> 0
C14: charges de commercialisation | E14: avec clés de répartition | R14: 1 | S14: 1 | T14: 1 | U14: 2 | V14: 2
C15: cout de la derniere maintenance
C16: cout d'entretien du matériel utilisé
C17: total prix de revient | D17: =SUM(D10:D14) -> 0
C19: cout de la dernière maintenance des matériels utilisés
C21: prix de vente moyen du produit HT
A25: si une recette | B25: nbre kilos utilisés | E25: choix 1 : sur l'année
E26: choix 2 : sur la recette
B29: nbre de fois que la recette est effectuée | E29: choix 1 : sur l'année
E30: choix 2 : sur la semaine
B31: nbre de semaine de transformation
A33: Charges opérationnelles
A34: voir la recette | B34: nom de l'ingrédient | C34: quantité utilisée | D34: g ou kilo | E34: prix unitaire | J34: Haché salé | K34: Stérilisé | L34: Haché salé épicé | M34: Rillettes | N34: jambon cuit | O34: Jambon sec | P34: saucisson sec | Q34: g ou kilo | R34: prix unitaire
A35: ingredient 1 | P35: x | R35: 1 | S35: prendre les dernières factures
A36: ingredient 2 | O36: x | R36: 1
A37: ingredient 3 | R37: 1
A38: ingredient 4 | R38: 1
A39: ingredient 5 | R39: 1
A40: ingredient 6 | R40: 1
A41: ingredient 7 | R41: 1 | AA41: l
A42: ingredient 8 | R42: 1
A43: ingredient 9 | R43: 1
A44: ingredient 10 | R44: 1
A45: ingredient 11 | R45: 1
A46: emballage 1 | R46: 1
A47: emballage 2 | R47: 1
A48: emballage 3 | R48: 1
A49: emballage 4 | R49: 1
A50: anlayse 1 | R50: 1
A51: anlayse 2 | R51: 1
A52: anlayse 3 | R52: 1
A53: anlayse 4 | R53: 1
A54: anlayse 5 | R54: 1
A55: emballages 1
A56: emballages 2
A57: emballages 3
A58: emballages 4
A59: emballages 5
A60: emballages 6
A61: emballages 7
A62: emballages 8
A63: emballages 9
A64: autres | P64: x | R64: 1
A65: autres | R65: 1
A66: autres | R66: 1
A67: autres | R67: 1
A68: autres | R68: 1
A69: autres | R69: 1
A70: autres | R70: 1
A71: autres | R71: 1
A72: autres | R72: 1
A74: total charges opérationnelles | Q74: total | R74: =SUM(R35:R72) -> 29
B75: total charges opérationnelles par kilo transformé | Q75: total/kg transformé | R75: =R74/$C$25 -> #DIV/0!
E78: etapes possibles : stockage, découpe, préparation de recette, conditionnement, vente
A80: matériel utilisé spécifiquement pour la recette | B80: non du matériel | C80: précision sur le type matériel (puissance) | D80: Nombre (si pertinent) | E80: Etape | F80: matériel spécifique | G80: matériel partagé | H80: préciser les recettes | I80: matériel commun | J80: Haché salé | K80: Stérilisé | L80: Haché salé épicé | M80: Rillettes | N80: jambon cuit | O80: Jambon sec | P80: saucisson sec | R80: valeur amortissement totale
A81: matériel 1 | B81: Rail (carcasse pendue) | E81: stockage | J81: x | K81: x | L81: x | M81: x | N81: x | R81: 2
A82: matériel 2 | B82: table de découpe | E82: Découpe | J82: x | K82: x | L82: x | M82: x | N82: x | O82: x | P82: x | R82: 3
A83: matériel 3 | B83: table de préparation | E83: Découpe | J83: x | K83: x | L83: x | M83: x | N83: x | O83: x | P83: x | R83: 4
A84: matériel 4 | B84: table multi-usage | E84: Découpe | J84: x | K84: x | L84: x | M84: x | N84: x | O84: x | P84: x | R84: 5
A85: matériel 5 | B85: couteaux | E85: Découpe | J85: x | K85: x | L85: x | M85: x | N85: x | O85: x | P85: x | R85: 6
A86: matériel 6 | B86: planche à découper | E86: Découpe | J86: x | K86: x | L86: x | M86: x | N86: x | O86: x | P86: x | R86: 7
A87: matériel 7 | B87: protection | E87: Découpe | J87: x | K87: x | L87: x | M87: x | N87: x | R87: 8
A88: matériel 8 | B88: vêtement de travail | E88: Découpe | J88: x | K88: x | L88: x | M88: x | N88: x | R88: 9
A89: matériel 9 | B89: Scie | E89: Découpe | J89: x | K89: x | L89: x | M89: x | N89: x | O89: x | P89: x
A90: matériel 10 | B90: chariot à glissières | E90: commun | J90: x | K90: x | L90: x | R90: 10
A91: matériel 11 | B91: balances | E91: Préparation de recette | J91: x | K91: x | L91: x | M91: x | N91: x | R91: 11
A92: matériel 12 | B92: pelles doseuses | E92: Préparation de recette | P92: x
A93: matériel 13 | B93: bacs | D93: 3 | E93: Préparation de recette | J93: x | K93: x | L93: x | M93: x | N93: x | R93: 12
A94: matériel 14 | B94: bacs à déchets (os, couennes, nerfs,parure) | E94: Préparation de recette | O94: x
A95: matériel 15 | B95: caisses plastiques pour jambon issu de découpe | E95: stockage | O95: x
A96: matériel 16 | B96: bacs hermétiques fermés (légumes) | E96: Préparation de recette | L96: x
A97: matériel 17 | B97: hachoir | E97: Préparation de recette | J97: x | K97: x | L97: x | M97: x | O97: x | P97: x | R97: 13
A98: matériel 18 | B98: cutter | E98: Préparation de recette | J98: x | K98: x | L98: x | M98: x | O98: x | P98: x
A99: matériel 19 | B99: Mélangeur | E99: Préparation de recette | J99: x | K99: x | L99: x | M99: x | P99: x | R99: 14
A100: matériel 20 | B100: Table Poussoir | E100: Préparation de recette | L100: X (saucisses)
A101: matériel 21 | B101: Poussoir | E101: Préparation de recette | J101: x | K101: x | L101: x | P101: x | R101: 15
A102: matériel 22 | B102: Poussoir portionneur | E102: Préparation de recette | J102: x | K102: x | L102: x | P102: x
A103: matériel 27 | B103: spé légume pour épluchage, parage, nettoyage, désinfection, rinçage, égouttage | E103: Préparation de recette | L103: x
A112: matériel 28 | B112: matériel pour ébouillanter et faire refroidir les légumes | E112: Préparation de recette | L112: x
A121: matériel 29 | B121: Louche | M121: x
A122: matériel 30 | B122: Sertisseuse | E122: ou mettre? | K122: x
A123: matériel 31 | B123: Cellule EFC | E123: Préparation de recette | K123: x ? | N123: x
A124: matériel 32 | B124: étuve | E124: séchage | P124: x
A125: matériel 33 | B125: Four | E125: Préparation de recette | K125: x | N125: x
A126: matériel 34 | B126: Fourneau | E126: Préparation de recette
A127: matériel 35 | B127: Four vapeur | E127: Préparation de recette | K127: x | N127: x
A128: matériel 36 | B128: Four ventilé | E128: Préparation de recette | N128: x
A129: matériel 37 | B129: Piano | E129: Préparation de recette | Q129: $
A130: matériel 38 | B130: Autoclave manuel | E130: Préparation de recette | K130: x
...

Sheet p6_px_revient_sterilisé 
A1: Prix de revient -Process n°1
A2: 3 process retenu, choisi par l'éleveur
B4: Process retenu
C5: prix de vente moyen du produit HT :
B8: prix de revient | C8: montant total / par recette | D8: montant total / par an | E8: montant total / par kg carcasse | F8: montant total / par kg transformé | G8: montant total / par kg fini | J8: gros bovins | T8: RAPPEL : ont été retenus pour l'étude
B9: charge de découpe | C9: =S75 -> 0 | J9: veaux | T9: 3 produits en tout (pour les élevages bovins ou mixtes)
B10: charges opérationnelles | C10: =S76 -> 0 | J10: porc charcutier | T10: le produit dont l'éleveur est le plus fière
B11: matériel utilisé pour ce process | C11: =R204 -> 0 | J11: truie | T11: un produit de découpe
B12: charges de structure atelier | C12: =R204 -> 0
B13: coût du travail | C13: =R205 -> 0
B14: charges de commercialisation
B15: cout de la derniere maintenance
B16: cout d'entretien du matériel utilisé
B17: total prix de revient | C17: =SUM(C10:C14) -> 0
B19: cout de la dernière maintenance des matériels utilisés
B26: nbre kilos utilisés | E26: choix 1 : sur l'année
A27: si une recette | E27: choix 2 : sur la recette
B30: nbre de fois que la recette est effectuée | E30: choix 1 : sur l'année
E31: choix 2 : sur la semaine
B32: nbre de semaine de transformation
A35: Charges opérationnelles | B35: nom de l'ingrédient | C35: quantité utilisée | D35: g ou kilo | E35: prix unitaire
A36: voir la recette | J36: Haché salé | K36: Stérilisé | L36: Haché salé épicé | M36: Rillettes | N36: jambon cuit | O36: Jambon sec | P36: saucisson sec | Q36: g ou kilo | R36: prix unitaire
A37: ingredient 1 | P37: x | R37: 1 | S37: prendre les dernières factures
A38: ingredient 2 | O38: x | R38: 1
A39: ingredient 3 | R39: 1
A40: ingredient 4 | R40: 1
A41: ingredient 5 | R41: 1
A42: ingredient 6 | R42: 1
A43: ingredient 7 | R43: 1 | AA43: l
A44: ingredient 8 | R44: 1
A45: ingredient 9 | R45: 1
A46: ingredient 10 | R46: 1
A47: ingredient 11 | R47: 1
A48: emballage 1 | R48: 1
A49: emballage 2 | R49: 1
A50: emballage 3 | R50: 1
A51: emballage 4 | R51: 1
A52: anlayse 1 | R52: 1
A53: anlayse 2 | R53: 1
A54: anlayse 3 | R54: 1
A55: anlayse 4 | R55: 1
A56: anlayse 5 | R56: 1
A57: emballages 1
A58: emballages 2
A59: emballages 3
A60: emballages 4
A61: emballages 5
A62: emballages 6
A63: emballages 7
A64: emballages 8
A65: emballages 9
A66: autres | P66: x | R66: 1
A67: autres | R67: 1
A68: autres | R68: 1
A69: autres | R69: 1
A70: autres | R70: 1
A71: autres | R71: 1
A72: autres | R72: 1
A73: autres | R73: 1
A74: autres | R74: 1
A76: total charges opérationnelles | B76: total charges opérationnelles par kilo transformé | Q76: total | R76: =SUM(R37:R74) -> 29
Q77: total/kg transformé | R77: =R76/$C$26 -> #DIV/0!
E79: etapes possibles : stockage, découpe, préparation de recette, conditionnement, vente
B81: non du matériel | C81: précision sur le type matériel (puissance) | D81: Nombre (si pertinent) | E81: Etape | F81: matériel spécifique | G81: matériel partagé
A82: matériel utilisé spécifiquement pour la recette | B82: Rail (carcasse pendue) | E82: stockage | H82: préciser les recettes | I82: matériel commun | J82: Haché salé | K82: Stérilisé | L82: Haché salé épicé | M82: Rillettes | N82: jambon cuit | O82: Jambon sec | P82: saucisson sec | R82: valeur amortissement totale
A83: matériel 1 | B83: table de découpe | E83: Découpe | J83: x | K83: x | L83: x | M83: x | N83: x | R83: 2
A84: matériel 2 | B84: table de préparation | E84: Découpe | J84: x | K84: x | L84: x | M84: x | N84: x | O84: x | P84: x | R84: 3
A85: matériel 3 | B85: table multi-usage | E85: Découpe | J85: x | K85: x | L85: x | M85: x | N85: x | O85: x | P85: x | R85: 4
A86: matériel 4 | B86: couteaux | E86: Découpe | J86: x | K86: x | L86: x | M86: x | N86: x | O86: x | P86: x | R86: 5
A87: matériel 5 | B87: planche à découper | E87: Découpe | J87: x | K87: x | L87: x | M87: x | N87: x | O87: x | P87: x | R87: 6
A88: matériel 6 | B88: protection | E88: Découpe | J88: x | K88: x | L88: x | M88: x | N88: x | O88: x | P88: x | R88: 7
A89: matériel 7 | B89: vêtement de travail | E89: Découpe | J89: x | K89: x | L89: x | M89: x | N89: x | R89: 8
A90: matériel 8 | B90: Scie | E90: Découpe | J90: x | K90: x | L90: x | M90: x | N90: x | R90: 9
A91: matériel 9 | B91: chariot à glissières | E91: commun | J91: x | K91: x | L91: x | M91: x | N91: x | O91: x | P91: x
A92: matériel 10 | B92: balances | E92: Préparation de recette | J92: x | K92: x | L92: x | R92: 10
A93: matériel 11 | B93: pelles doseuses | E93: Préparation de recette | J93: x | K93: x | L93: x | M93: x | N93: x | R93: 11
A94: matériel 12 | B94: bacs | D94: 3 | E94: Préparation de recette | P94: x
A95: matériel 13 | B95: bacs à déchets (os, couennes, nerfs,parure) | E95: Préparation de recette | J95: x | K95: x | L95: x | M95: x | N95: x | R95: 12
A96: matériel 14 | B96: caisses plastiques pour jambon issu de découpe | E96: stockage | O96: x
A97: matériel 15 | B97: bacs hermétiques fermés (légumes) | E97: Préparation de recette | O97: x
A98: matériel 16 | B98: hachoir | E98: Préparation de recette | L98: x
A99: matériel 17 | B99: cutter | E99: Préparation de recette | J99: x | K99: x | L99: x | M99: x | O99: x | P99: x | R99: 13
A100: matériel 18 | B100: Mélangeur | E100: Préparation de recette | J100: x | K100: x | L100: x | M100: x | O100: x | P100: x
A101: matériel 19 | B101: Table Poussoir | E101: Préparation de recette | J101: x | K101: x | L101: x | M101: x | P101: x | R101: 14
A102: matériel 20 | B102: Poussoir | E102: Préparation de recette | L102: X (saucisses)
A103: matériel 21 | B103: Poussoir portionneur | E103: Préparation de recette | J103: x | K103: x | L103: x | P103: x | R103: 15
A104: matériel 22 | B104: spé légume pour épluchage, parage, nettoyage, désinfection, rinçage, égouttage | E104: Préparation de recette | J104: x | K104: x | L104: x | P104: x
A105: matériel 27 | L105: x
B113: matériel pour ébouillanter et faire refroidir les légumes | E113: Préparation de recette
A114: matériel 28 | L114: x
B122: Louche
A123: matériel 29 | B123: Sertisseuse | E123: ou mettre? | M123: x
A124: matériel 30 | B124: Cellule EFC | E124: Préparation de recette | K124: x
A125: matériel 31 | B125: étuve | E125: séchage | K125: x ? | N125: x
A126: matériel 32 | B126: Four | E126: Préparation de recette | P126: x
A127: matériel 33 | B127: Fourneau | E127: Préparation de recette | K127: x | N127: x
A128: matériel 34 | B128: Four vapeur | E128: Préparation de recette
A129: matériel 35 | B129: Four ventilé | E129: Préparation de recette | K129: x | N129: x
A130: matériel 36 | B130: Piano | E130: Préparation de recette | N130: x
A131: matériel 37 | B131: Autoclave manuel | E131: Préparation de recette | Q131: $
...

Sheet p2 _  temps de travail_process
A1: Le travail par jour et par personne en heures (semaine type)
O2: PROCESS ETUDIE
C4: Chefs | D4: Salariés | E4: Bénévoles | H4: lundi | I4: mardi | J4: mercredi | K4: jeudi | L4: vendredi | M4: samedi | N4: dimanche | O4: Total | U4: A entourer
B5: Elevage | C5: =G30+G56+G82+G107+G132+G158+G183 -> 0 | D5: =I30+J30+K30+L30+M30+N30+O30+P30+Q30+R30+S30+T30+U30+W30+V30+Y30++X30+I56+J56+K56+L56+M56+N56+O56+Q56+P56+R56+S56+T56+U56+V56+W56+X56+Y56+I82+J82+K82+L82+M82+N82+O82+P82+Q82+R82+S82+T82+U82+V82+W82+X82+Y82+I107+J107+K107+L107+M107+N107+O107+P107+Q107+R107+S107+T107+U107+V107+W107+X107+Y107+I132+J132+K132+L132+M132+N132+O132+P132+Q132+R132+S132+T132+U132+V132+W132+X132+Y132+J158+I158+K158+L158+M158+N158+O158+P158+Q158+R158+S158+T158+U158+V158+W158+X158+Y158+I183+J183+K183+L183+M183+N183+O183+P183+Q183+R183+S183+T183+U183+V183+W183+X183+Y183 -> 0 | E5: =AA30+AA56+AA82+AA107+AA132+AA158+AA183 -> 0 | G5: =G29 -> 0 | H5: =G39 -> 0 | I5: =G65 -> 0 | J5: =G91 -> 0 | K5: =G116 -> 0 | L5: =G141 -> 0 | M5: =G167 -> 0 | N5: =G192 -> 0 | O5: =SUM(H5:N5) -> 0 | V5: RAPPEL : ont été retenus pour l'étude
B6: Transport | C6: =G31+G57+G83+G108+G133+G159+G184 -> 0 | D6: =I31+J31+K31+L31+M31+N31+O31+P31+Q31+R31+I57+J57+K57+L57+M57+N57+O57+P57+Q57+R57+I83+J83+K83+L83+M83+N83+O83+P83+Q83+R83+I108+J108+K108+L108+M108+N108+O108+P108+Q108+R108+I133+J133+K133+L133+M133+N133+O133+P133+Q133+R133+I159+J159+K159+L159+M159+N159+O159+P159+Q159+R159+I184+J184+K184+L184+M184+N184+O184+P184+Q184+R184+S31+T31+U31+V31+W31+X31+Y31+S57+T57+U57+V57+W57+X57+Y57+S83+T83+U83+V83+W83+X83+Y83+S108+T108+U108+V108+W108+X108+Y108+S133+T133+U133+V133+W133+X133+Y133+S159+T159+U159+V159+W159+X159+Y159+S184+T184+U184+V184+W184+X184+Y184 -> 0 | E6: =AA31+AA57+AA83+AA108+AA133+AA159+AA184 -> 0 | G6: =I29 -> #REF! | H6: =#REF! -> #REF! | I6: =#REF! -> #REF! | J6: =#REF! -> #REF! | K6: =#REF! -> #REF! | L6: =#REF! -> #REF! | M6: =#REF! -> #REF! | N6: =#REF! -> #REF! | O6: =SUM(H6:N6) -> #REF!
B7: Transfo | C7: =G32+G58+G84+G109+G134+G160+G185 -> 0 | D7: =I32+J32+K32+L32+M32+N32+O32+P32+Q32+R32+I58+J58+K58+L58+N58+M58+O58+P58+Q58+R58+I84+J84+K84+L84+M84+N84+O84+P84+Q84+R84+I109+J109+K109+L109+M109+N109+O109+P109+Q109+R109+I134+J134+K134+L134+M134+N134+O134+P134+Q134+R134+I160+J160+K160+L160+M160+N160+O160+P160+Q160+R160+I185+J185+K185+L185+M185+N185+O185+P185+Q185+R185+S32+T32+U32+V32+W32+X32+Y32+S58+T58+U58+V58+W58+X58+Y58+S84+T84+U84+V84+W84+X84+Y84+S109+T109+U109+V109+W109+X109+Y109+S134+T134+U134+V134+W134+X134+Y134+S160+T160+U160+V160+W160+X160+Y160+S185+T185+U185+V185+W185+X185+Y185 -> 0 | E7: =AA32+AA58+AA84+AA109+AA134+AA160+AA185 -> 0 | G7: =J29 -> #REF! | H7: =#REF! -> #REF! | I7: =#REF! -> #REF! | J7: =#REF! -> #REF! | K7: =#REF! -> #REF! | L7: =#REF! -> #REF! | M7: =#REF! -> #REF! | N7: =#REF! -> #REF! | O7: =SUM(H7:N7) -> #REF! | V7: haché salé (vrac+saucisses) | W7: stérilisé (Lisa) | X7: Haché salé ou assaisonné (saucisses ou vrac avec ou sans épices) (Lisa) | Y7: charcuterie cuite : jambon cuit, rillettes (Léa) | Z7: Séché: jambon sec et saucisson sec (Christelle)
B8: Nettoyage | C8: =G38+G64+G90+G115+G140+G166+G191 -> 0 | D8: =I38+J38+K38+L38+M38+N38+O38+P38+Q38+R38+I64+J64+K64+L64+M64+N64+O64+P64+Q64+R64+I90+J90+K90+L90+M90+N90+O90+P90+Q90+R90+I115+J115+K115+L115+M115+N115+O115+P115+Q115+R115+I140+J140+K140+L140+M140+N140+O140+P140+Q140+R140+I166+J166+K166+L166+M166+N166+P166++Q166+R166+O166+I191+J191+K191+L191+M191+N191+O191+P191+Q191+R191+S38+T38+V38+U38+W38+X38+Y38+S64+T64+U64+V64+W64+X64+Y64+S90+T90+U90+V90+W90+X90+Y90+S115+T115+U115+V115+W115+X115+Y115+S140+T140+U140+V140+W140+X140+Y140+S166+T166+U166+V166+W166+X166+Y166+S191+T191+U191+V191+W191+X191+Y191 -> 0 | E8: =AA38+AA64+AA90+AA115+AA140+AA166+AA191 -> 0 | G8: =K29 -> #REF! | H8: =#REF! -> #REF! | I8: =#REF! -> #REF! | J8: =#REF! -> #REF! | K8: =#REF! -> #REF! | L8: =#REF! -> #REF! | M8: =#REF! -> #REF! | N8: =#REF! -> #REF! | O8: =SUM(H8:N8) -> #REF! | S8: gros bovins | V8: x | W8: x
B9: Vente | C9: =G39+G65+G91+G116+G141+G167+G192 -> 0 | D9: =I39+J39+K39+L39+M39+N39+O39+P39+Q39+R39+I65+J65+K65+L65+M65+N65+O65+P65+Q65+R65+I91+J91+K91+L91+M91+N91+O91+P91+Q91+R91+I116+J116+K116+L116+M116+N116+O116+P116+Q116+R116+I141+J141+K141+L141+M141+N141+O141+P141+Q141+R141+I167+J167+K167+L167+M167+N167+O167+P167+Q167+R167+I192+J192+K192+L192+M192+N192+O192+P192+Q192+R192+S39+T39+U39+V39+W39+X39+Y39+S65+T65+U65+V65+W65+X65+Y65+S91+T91+U91+V91+W91+X91+Y91+S116+T116+U116+V116+W116+X116+Y116+S141+T141+U141+V141+W141+X141+Y141+S167+T167+U167+V167+W167+X167+Y167+S192+T192+U192+V192+W192+X192+Y192 -> 0 | E9: =AA39+AA65+AA91+AA116+AA141+AA167+AA192 -> 0 | G9: =L29 -> #REF! | H9: =#REF! -> #REF! | I9: =#REF! -> #REF! | J9: =#REF! -> #REF! | K9: =#REF! -> #REF! | L9: =#REF! -> #REF! | M9: =#REF! -> #REF! | N9: =#REF! -> #REF! | O9: =SUM(H9:N9) -> #REF! | S9: veaux | V9: x | W9: x
B10: Gestion | C10: =G51+G77+G103+G128+G153+G179+G204 -> 0 | D10: =I51+J51+K51+L51+M51+N51+O51+P51+Q51+R51+I77+J77+K77+L77+M77+N77+O77+P77+Q77+R77+I103+J103+K103+L103+M103+N103+O103+P103+Q103+R103+I128+J128+K128+L128+M128+N128+O128+P128+Q128+R128+I153+J153+K153+L153+M153+N153+P153++Q153+O153+R153+I179+J179+K179+L179+M179+N179+O179+P179+Q179+R179+I204+J204+K204+L204+M204+N204+O204+P204+Q204+R204+S51+T51+V51+U51+W51+X51+Y51+S77+T77+U77+V77+W77+X77+Y77+S103+T103+U103+V103+W103+X103+Y103+S128+T128+U128+V128+W128+X128+Y128 -> 0 | E10: =AA51+AA77+AA103+AA128+AA153+AA179+AA204 -> 0 | G10: =N29 -> #REF! | H10: =#REF! -> #REF! | I10: =#REF! -> #REF! | J10: =#REF! -> #REF! | K10: =#REF! -> #REF! | L10: =#REF! -> #REF! | M10: =#REF! -> #REF! | N10: =#REF! -> #REF! | O10: =SUM(H10:N10) -> #REF! | S10: porc charcutier | X10: x | Y10: x | Z10: x
B11: Total par semaine | C11: =SUM(C5:C10) -> 0 | D11: =SUM(D5:D10) -> 0 | E11: =SUM(E5:E10) -> 0 | G11: =P29 -> #REF! | H11: =I39 -> 0 | I11: =I65 -> 0 | J11: =I91 -> 0 | K11: =I116 -> 0 | L11: =I141 -> 0 | M11: =I167 -> 0 | N11: =I192 -> 0 | O11: =SUM(H11:N11) -> 0 | S11: truie | X11: x | Y11: x | Z11: x
B12: Total par an | C12: #VALUE! | G12: =Q29 -> #REF! | H12: =J39 -> 0 | I12: =J65 -> 0 | J12: =J91 -> 0 | K12: =J116 -> 0 | L12: =J141 -> 0 | M12: =J167 -> 0 | N12: =J192 -> 0 | O12: =SUM(H12:N12) -> 0
G13: =R29 -> #REF! | H13: =K39 -> 0 | I13: =K65 -> 0 | J13: =K91 -> 0 | K13: =K116 -> 0 | L13: =K141 -> 0 | M13: =K167 -> 0 | N13: =K192 -> 0 | O13: =SUM(H13:N13) -> 0
G14: =S29 -> #REF! | H14: =AA39 -> 0 | I14: =AB39 -> 0 | J14: =AC39 -> 0 | K14: =AD39 -> 0 | L14: =AE39 -> 0 | M14: =AF39 -> 0 | N14: =AG39 -> 0 | O14: =SUM(H14:N14) -> 0
G15: =U29 -> #REF! | H15: =AA40 -> 0 | I15: =AB40 -> 0 | J15: =AC40 -> 0 | K15: =AD40 -> 0 | L15: =AE40 -> 0 | M15: =AF40 -> 0 | N15: =AG40 -> 0
G16: =V29 -> #REF! | H16: =AA41 -> 0 | I16: =AB41 -> 0 | J16: =AC41 -> 0 | K16: =AD41 -> 0 | L16: =AE41 -> 0 | M16: =AF41 -> 0 | N16: =AG41 -> 0
G17: =W29 -> #REF! | H17: =AA42 -> 0 | I17: =AB42 -> 0 | J17: =AC42 -> 0 | K17: =AD42 -> 0 | L17: =AE42 -> 0 | M17: =AF42 -> 0 | N17: =AG42 -> 0
G18: =X29 -> #REF! | H18: =AA43 -> 0 | I18: =AB43 -> 0 | J18: =AC43 -> 0 | K18: =AD43 -> 0 | L18: =AE43 -> 0 | M18: =AF43 -> 0 | N18: =AG43 -> 0
G19: =Y29 -> #REF! | H19: =AA44 -> 0 | I19: =AB44 -> 0 | J19: =AC44 -> 0 | K19: =AD44 -> 0 | L19: =AE44 -> 0 | M19: =AF44 -> 0 | N19: =AG44 -> 0
G20: Total | H20: =SUM(H5:H14) -> #REF! | I20: =SUM(I5:I14) -> #REF! | J20: =SUM(J5:J14) -> #REF! | K20: =SUM(K5:K14) -> #REF! | L20: =SUM(L5:L14) -> #REF! | M20: =SUM(M5:M14) -> #REF! | N20: =SUM(N5:N14) -> #REF! | O20: =SUM(H20:N20) -> #REF!
C23: Process étudié | E23: e
A27: Statut main-d'œuvre | B27: Chefs d'exploitation | C27: Chefs d'exploitation | D27: Chefs d'exploitation | E27: Chefs d'exploitation | F27: Chefs d'exploitation | G27: Chefs d'exploitation | I27: Salariés | AA27: Bénévole | AC27: Sous traitance/prestation
A29: LUNDI | B29: Frank | I29: =#REF! -> #REF! | J29: =#REF! -> #REF! | K29: =#REF! -> #REF! | L29: =#REF! -> #REF! | N29: =#REF! -> #REF! | P29: =#REF! -> #REF! | Q29: =#REF! -> #REF! | R29: =#REF! -> #REF! | S29: =#REF! -> #REF! | T29: =#REF! -> #REF! | U29: =#REF! -> #REF! | V29: =#REF! -> #REF! | W29: =#REF! -> #REF! | ... Y29: =#REF! -> #REF! | AI29: Total /activité par jour hors sous traitance
AI30: =SUM(G30:AG30) -> 0
AI31: =SUM(G31:AG31) -> 0
AI32: =SUM(G32:AG32) -> 0
AI33: =SUM(G33:AG33) -> 0
AI34: =SUM(G34:AG34) -> 0
AI35: =SUM(G35:AG35) -> 0
AI36: =SUM(G36:AG36) -> 0
AI37: =SUM(G37:AG37) -> 0
AI38: =SUM(G38:AG38) -> 0
AI39: =SUM(G39:AG39) -> 0
AI40: =SUM(G40:AG40) -> 0
AI41: =SUM(G41:AG41) -> 0
... AI51: =SUM(G51:AG51) -> 0
A52: TOTAL LUNDI | B52: =SUM(B30:B51) -> 0 | C52: =SUM(C30:C51) -> 0 | D52: =SUM(D30:D51) -> 0 | E52: =SUM(E30:E51) -> 0 | F52: =SUM(F30:F51) -> 0 | G52: =SUM(G30:G51) -> 0 | I52: =SUM(I30:I51) -> 0 | J52: =SUM(J30:J51) -> 0 | K52: =SUM(K30:K51) -> 0 | L52: =SUM(L30:L51) -> 0 | M52: =SUM(M30:M51) -> 0 | N52: =SUM(N30:N51) -> 0 | O52: =SUM(O30:O51) -> 0 | P52: =SUM(P30:P51) -> 0 | ... Y52: =SUM(Y30:Y51) -> 0 | AA52: =SUM(AA30:AA51) -> 0 | AC52: =SUM(AC30:AC51) -> 0 | AD52: =SUM(AD30:AD51) -> 0 | AE52: =SUM(AE30:AE51) -> 0 | AF52: =SUM(AF30:AF51) -> 0 | AG52: =SUM(AG30:AG51) -> 0 | AI52: =SUM(G52:AG52) -> 0
A55: MARDI | B55: =B29 -> Frank | C55: =C29 -> 0 | D55: =D29 -> 0 | E55: =E29 -> 0 | F55: =F29 -> 0 | G55: =G29 -> 0 | I55: =I29 -> #REF! | J55: =J29 -> #REF! | K55: =K29 -> #REF! | L55: =L29 -> #REF! | M55: =M29 -> 0 | N55: =N29 -> #REF! | O55: =O29 -> 0 | P55: =P29 -> #REF! | ... Y55: =Y29 -> #REF! | AA55: =AA29 -> 0 | AC55: =AC29 -> 0 | AD55: =AD29 -> 0 | AE55: =AE29 -> 0 | AF55: =AF29 -> 0 | AG55: =AG29 -> 0 | AI55: =AI29 -> Total /activité par jour hors sous traitance
AI56: =SUM(G56:AG56) -> 0
AI57: =SUM(G57:AG57) -> 0
AI58: =SUM(G58:AG58) -> 0
AI59: =SUM(G59:AG59) -> 0
AI60: =SUM(G60:AG60) -> 0
AI61: =SUM(G61:AG61) -> 0
AI62: =SUM(G62:AG62) -> 0
AI63: =SUM(G63:AG63) -> 0
AI64: =SUM(G64:AG64) -> 0
AI65: =SUM(G65:AG65) -> 0
AI66: =SUM(G66:AG66) -> 0
AI67: =SUM(G67:AG67) -> 0
... AI77: =SUM(G77:AG77) -> 0
A78: TOTAL MARDI | B78: =SUM(B56:B77) -> 0 | C78: =SUM(C56:C77) -> 0 | D78: =SUM(D56:D77) -> 0 | E78: =SUM(E56:E77) -> 0 | F78: =SUM(F56:F77) -> 0 | G78: =SUM(G56:G77) -> 0 | I78: =SUM(I56:I77) -> 0 | J78: =SUM(J56:J77) -> 0 | K78: =SUM(K56:K77) -> 0 | L78: =SUM(L56:L77) -> 0 | M78: =SUM(M56:M77) -> 0 | N78: =SUM(N56:N77) -> 0 | O78: =SUM(O56:O77) -> 0 | P78: =SUM(P56:P77) -> 0 | ... Y78: =SUM(Y56:Y77) -> 0 | AA78: =SUM(AA56:AA77) -> 0 | AC78: =SUM(AC56:AC77) -> 0 | AD78: =SUM(AD56:AD77) -> 0 | AE78: =SUM(AE56:AE77) -> 0 | AF78: =SUM(AF56:AF77) -> 0 | AG78: =SUM(AG56:AG77) -> 0 | AI78: =SUM(G78:AG78) -> 0
A81: MERCREDI | B81: =$G$29 -> 0 | C81: =$G$29 -> 0 | D81: =$G$29 -> 0 | E81: =$G$29 -> 0 | F81: =$G$29 -> 0 | G81: =$G$29 -> 0 | I81: =$I$29 -> #REF! | J81: =$J$29 -> #REF! | K81: =K55 -> #REF! | L81: =L55 -> #REF! | M81: =M55 -> 0 | N81: =N55 -> #REF! | O81: =O55 -> 0 | P81: =P55 -> #REF! | Q81: =Q55 -> #REF! | R81: =R55 -> #REF! | ... Y81: =Y55 -> #REF! | AA81: =$AA$29 -> 0 | AC81: =$AA$29 -> 0 | AD81: =$AA$29 -> 0 | AE81: =$AA$29 -> 0 | AF81: =$AA$29 -> 0 | AG81: =$AA$29 -> 0 | AI81: =AI29 -> Total /activité par jour hors sous traitance
AI82: =SUM(G82:AG82) -> 0
AI83: =SUM(G83:AG83) -> 0
AI84: =SUM(G84:AG84) -> 0
AI85: =SUM(G85:AG85) -> 0
AI86: =SUM(G86:AG86) -> 0
AI87: =SUM(G87:AG87) -> 0
AI88: =SUM(G88:AG88) -> 0
AI89: =SUM(G89:AG89) -> 0
AI90: =SUM(G90:AG90) -> 0
AI91: =SUM(G91:AG91) -> 0
AI92: =SUM(G92:AG92) -> 0
AI93: =SUM(G93:AG93) -> 0
... AI103: =SUM(G103:AG103) -> 0
A104: TOTAL MERCREDI | B104: =SUM(B82:B103) -> 0 | C104: =SUM(C82:C103) -> 0 | D104: =SUM(D82:D103) -> 0 | E104: =SUM(E82:E103) -> 0 | F104: =SUM(F82:F103) -> 0 | G104: =SUM(G82:G103) -> 0 | I104: =SUM(I82:I103) -> 0 | J104: =SUM(J82:J103) -> 0 | K104: =SUM(K82:K103) -> 0 | L104: =SUM(L82:L103) -> 0 | M104: =SUM(M82:M103) -> 0 | N104: =SUM(N82:N103) -> 0 | O104: =SUM(O82:O103) -> 0 | P104: =SUM(P82:P103) -> 0 | ... Y104: =SUM(Y82:Y103) -> 0 | AA104: =SUM(AA82:AA103) -> 0 | AC104: =SUM(AC82:AC103) -> 0 | AD104: =SUM(AD82:AD103) -> 0 | AE104: =SUM(AE82:AE103) -> 0 | AF104: =SUM(AF82:AF103) -> 0 | AG104: =SUM(AG82:AG103) -> 0 | AI104: =SUM(G104:AG104) -> 0
A106: JEUDI | B106: =$G$29 -> 0 | C106: =$G$29 -> 0 | D106: =$G$29 -> 0 | E106: =$G$29 -> 0 | F106: =$G$29 -> 0 | G106: =$G$29 -> 0 | I106: =$I$29 -> #REF! | J106: =$J$29 -> #REF! | K106: =K81 -> #REF! | L106: =L81 -> #REF! | M106: =M81 -> 0 | N106: =N81 -> #REF! | O106: =O81 -> 0 | P106: =P81 -> #REF! | Q106: =Q81 -> #REF! | R106: =R81 -> #REF! | ... Y106: =Y81 -> #REF! | AA106: =$AA$29 -> 0 | AC106: =$AA$29 -> 0 | AD106: =$AA$29 -> 0 | AE106: =$AA$29 -> 0 | AF106: =$AA$29 -> 0 | AG106: =$AA$29 -> 0 | AI106: =SUM(G106:AG106) -> #REF!
AI107: =SUM(G107:AG107) -> 0
AI108: =SUM(G108:AG108) -> 0
AI109: =SUM(G109:AG109) -> 0
AI110: =SUM(G110:AG110) -> 0
AI111: =SUM(G111:AG111) -> 0
AI112: =SUM(G112:AG112) -> 0
AI113: =SUM(G113:AG113) -> 0
AI114: =SUM(G114:AG114) -> 0
AI115: =SUM(G115:AG115) -> 0
AI116: =SUM(G116:AG116) -> 0
AI117: =SUM(G117:AG117) -> 0
AI118: =SUM(G118:AG118) -> 0
... AI128: =SUM(G128:AG128) -> 0
A129: TOTAL JEUDI | B129: =SUM(B107:B128) -> 0 | C129: =SUM(C107:C128) -> 0 | D129: =SUM(D107:D128) -> 0 | E129: =SUM(E107:E128) -> 0 | F129: =SUM(F107:F128) -> 0 | G129: =SUM(G107:G128) -> 0 | I129: =SUM(I107:I128) -> 0 | J129: =SUM(J107:J128) -> 0 | K129: =SUM(K107:K128) -> 0 | L129: =SUM(L107:L128) -> 0 | M129: =SUM(M107:M128) -> 0 | N129: =SUM(N107:N128) -> 0 | O129: =SUM(O107:O128) -> 0 | P129: =SUM(P107:P128) -> 0 | ... Y129: =SUM(Y107:Y128) -> 0 | AA129: =SUM(AA107:AA128) -> 0 | AC129: =SUM(AC107:AC128) -> 0 | AD129: =SUM(AD107:AD128) -> 0 | AE129: =SUM(AE107:AE128) -> 0 | AF129: =SUM(AF107:AF128) -> 0 | AG129: =SUM(AG107:AG128) -> 0 | AI129: =SUM(G129:AG129) -> 0
A131: VENDREDI | B131: =$G$29 -> 0 | C131: =$G$29 -> 0 | D131: =$G$29 -> 0 | E131: =$G$29 -> 0 | F131: =$G$29 -> 0 | G131: =$G$29 -> 0 | I131: =$I$29 -> #REF! | J131: =$J$29 -> #REF! | K131: =K29 -> #REF! | L131: =L29 -> #REF! | M131: =M29 -> 0 | N131: =N29 -> #REF! | O131: =O29 -> 0 | P131: =P29 -> #REF! | Q131: =Q29 -> #REF! | R131: =R29 -> #REF! | ... Y131: =Y29 -> #REF! | AA131: =$AA$29 -> 0 | AC131: =$AA$29 -> 0 | AD131: =$AA$29 -> 0 | AE131: =$AA$29 -> 0 | AF131: =$AA$29 -> 0 | AG131: =$AA$29 -> 0 | AI131: =AI29 -> Total /activité par jour hors sous traitance
AI132: =SUM(G132:AA132) -> 0
AI133: =SUM(G133:AA133) -> 0
AI134: =SUM(G134:AA134) -> 0
AI140: =SUM(G140:AA140) -> 0
AI141: =SUM(G141:AA141) -> 0
AI153: =SUM(G153:AA153) -> 0
A154: TOTAL VENDREDI | B154: =SUM(B132:B153) -> 0 | C154: =SUM(C132:C153) -> 0 | D154: =SUM(D132:D153) -> 0 | E154: =SUM(E132:E153) -> 0 | F154: =SUM(F132:F153) -> 0 | G154: =SUM(G132:G153) -> 0 | I154: =SUM(I132:I153) -> 0 | J154: =SUM(J132:J153) -> 0 | K154: =SUM(K132:K153) -> 0 | L154: =SUM(L132:L153) -> 0 | M154: =SUM(M132:M153) -> 0 | N154: =SUM(N132:N153) -> 0 | O154: =SUM(O132:O153) -> 0 | P154: =SUM(P132:P153) -> 0 | ... Y154: =SUM(Y132:Y153) -> 0 | AA154: =SUM(AA132:AA153) -> 0 | AC154: =SUM(AC132:AC153) -> 0 | AD154: =SUM(AD132:AD153) -> 0 | AE154: =SUM(AE132:AE153) -> 0 | AF154: =SUM(AF132:AF153) -> 0 | AG154: =SUM(AG132:AG153) -> 0 | AI154: =SUM(G154:AA154) -> 0
A157: SAMEDI | B157: =$G$29 -> 0 | C157: =$G$29 -> 0 | D157: =$G$29 -> 0 | E157: =$G$29 -> 0 | F157: =$G$29 -> 0 | G157: =$G$29 -> 0 | I157: =$I$29 -> #REF! | J157: =$J$29 -> #REF! | K157: =K29 -> #REF! | L157: =L29 -> #REF! | M157: =M29 -> 0 | N157: =N29 -> #REF! | O157: =O29 -> 0 | P157: =P29 -> #REF! | Q157: =Q29 -> #REF! | R157: =R29 -> #REF! | ... Y157: =Y29 -> #REF! | AA157: =$AA$29 -> 0 | AC157: =$AA$29 -> 0 | AD157: =$AA$29 -> 0 | AE157: =$AA$29 -> 0 | AF157: =$AA$29 -> 0 | AG157: =$AA$29 -> 0 | AI157: =AI29 -> Total /activité par jour hors sous traitance
AI158: =SUM(G158:AG158) -> 0
AI159: =SUM(G159:AG159) -> 0
AI160: =SUM(G160:AG160) -> 0
AI161: =SUM(G161:AG161) -> 0
AI162: =SUM(G162:AG162) -> 0
AI163: =SUM(G163:AG163) -> 0
AI164: =SUM(G164:AG164) -> 0
AI165: =SUM(G165:AG165) -> 0
AI166: =SUM(G166:AG166) -> 0
AI167: =SUM(G167:AG167) -> 0
...
